 Dungeon Crawl Stone Soup version 0.20-a0-15-g26ddc15 (webtiles) character file.

1879999 reaperXD the Grand Master (level 27, -2/224 HPs)
             Began as an Octopode Monk on Nov 2, 2016.
             Was the Champion of Makhleb.
             Slain by an azure jelly (12 damage)
             ... while paralysed by a floating eye
             ... on level 24 of a ziggurat on Nov 3, 2016.
             The game lasted 09:44:31 (142367 turns).

reaperXD the Grand Master (Octopode Monk)         Turns: 142367, Time: 09:44:31

Health: -2/224     AC: 21    Str: 14    XL:     27
Magic:  6/54       EV:  2    Int: 31    God:    Makhleb [******]
Gold:   13305      SH:  0    Dex: 27    Spells: 11 memorised, 9 levels left

rFire  . . .     SeeInvis +       - Unarmed
rCold  + + .     Gourm    .     d - +11 large shield "Ylog" {rElec rN+}
rNeg   + + +     Faith    .     y - +2 hat of the High Council {Archmagi, Wiz- Stlth-}
rPois  +         Spirit   .     D - amulet of the Two Names {Reflect Str+4 Slay+6 SH+3}
rElec  +         Reflect  +     p - +6 ring of evasion
rCorr  .         Harm     .     W - ring of Shaolin {EV+8}
MR     ++++.                    M - ring of Robustness {AC+8}
Stlth  ++++++++++               j - ring of Nully {rN+ AC+4 Dex+4}
                                a - ring of Activism {Wiz rC+ Dex+4 Slay+5 Stlth+}
                                n - ring of Ubaunleu {rC+ MR++}
                                f - ring of Teadwed {rPois rN+ Int+2 SInv}
                                P - ring "Kuagoum" {AC+6 Int+6 Dex+4}

@: paralysed
A: almost no armour, stealthy swim, amphibious, 8 rings, constrict 8, camouflage
1, blurry vision 1, electricity resistance, weak 1, gelatinous body 1
a: Minor Destruction, Lesser Servant of Makhleb, Major Destruction, Greater
Servant of Makhleb, Renounce Religion
}: 15/15 runes: barnacled, slimy, silver, golden, iron, obsidian, icy, bone,
abyssal, demonic, glowing, magical, fiery, dark, gossamer


You were on level 24 of a ziggurat.
You worshipped Makhleb.
Makhleb was exalted by your worship.
You were not hungry.

You visited 18 branches of the dungeon, and saw 86 of its levels.
You visited Pandemonium 1 time, and saw 31 of its levels.
You visited the Abyss 6 times.
You visited 1 bazaar.
You visited 5 ziggurats (completing 4), and saw 132 of their levels.
You also visited: Labyrinth, Sewer, Ice Cave, Wizlab and Desolation.

You collected 51390 gold pieces.
You spent 9095 gold pieces at shops.
You paid 28990 gold pieces to Gozag.

Inventory:

Hand Weapons
 q - the +4 arc blade {discharge, rElec}
   (You found it on level 21 of a ziggurat)

   It insulates you from electricity.
 t - the +5 scythe "Finisher" {speed, Str+3}
   (You found it on level 21 of a ziggurat)

   Attacks with this weapon are significantly faster.
   It affects your strength (+3).
 v - the +18 lance "Wyrmbane" {slay drac, rPois rF+ rC+ AC+3}
   (You found it on level 25 of a ziggurat)

   It affects your AC (+3).
   It protects you from fire.
   It protects you from cold.
   It protects you from poison.
 H - the -4 mace of Variability {chaos}
   (You found it on level 16 of a ziggurat)

   Each time it hits an enemy it has a different, random effect.
 O - the +8 whip "Snakebite" {curare, rPois}
   (You found it on level 18 of a ziggurat)

   It poisons the flesh of those it strikes.
   It protects you from poison.
 S - the +7 great mace "Undeadhunter" {disrupt, rN+}
   (You found it on level 19 of a ziggurat)

   It protects you from negative energy.
Armour
 d - the +11 large shield "Ylog" (worn) {rElec rN+}
   (You acquired it on level 23 of a ziggurat)

   It insulates you from electricity.
   It protects you from negative energy.
 l - the +3 hat of Pondering {ponderous, MR+ MP+10 Int+5}
   (You found it on level 13 of a ziggurat)

   It affects your intelligence (+5).
   It affects your resistance to hostile enchantments.
   It affects your magic capacity (+10).
 y - the +2 hat of the High Council (worn) {Archmagi, Wiz- Stlth-}
   (You found it on level 26 of a ziggurat)

   It makes you less stealthy.
 A - the +3 robe of Folly {Archmagi, MR-- Int+5}
   (You found it on level 19 of a ziggurat)

   It affects your intelligence (+5).
   It affects your resistance to hostile enchantments.
 G - the +3 warlock's mirror {reflect}
   (You found it on level 12 of a ziggurat)
 Q - the +2 cloak of the Thief {+Fog Slay-2 SInv Stlth+}
   (You found it on level 22 of a ziggurat)

   It affects your accuracy and damage with ranged weapons and melee attacks
   (-2).
   It lets you see invisible.
   It can be evoked to emit clouds of fog.
   It makes you more stealthy.
 U - the +2 robe of Vines {NoDeviceHeal Regen+7}
   (You found it on level 27 of a ziggurat)

   It increases your rate of regeneration.
 V - the +0 Maxwell's etheric cage {RegenMP+ *Contam rElec MP+4}
   (You found it on level 22 of a ziggurat)

   It insulates you from electricity.
   It affects your magic capacity (+4).
   It causes magical contamination when unequipped.
Jewellery
 a - the ring of Activism (on tentacle) {Wiz rC+ Dex+4 Slay+5 Stlth+}
   (You bought it in a shop on level 1 of the Lair of Beasts)

   [ring of wizardry]

   It improves your spell success rate.
   It affects your dexterity (+4).
   It affects your accuracy and damage with ranged weapons and melee attacks
   (+5).
   It protects you from cold.
   It makes you more stealthy.
 f - the ring of Teadwed (on tentacle) {rPois rN+ Int+2 SInv}
   (You bought it in a shop in a bazaar)

   [ring of intelligence]

   It affects your intelligence (+2).
   It protects you from poison.
   It protects you from negative energy.
   It lets you see invisible.
 i - the ring of the Open Hand {rC- rN+ Str+6, unknown}
   (You found it on level 22 of a ziggurat)

   [ring of positive energy]

   It affects your strength (+6).
   It makes you vulnerable to cold.
   It protects you from negative energy.
 j - the ring of Nully (on tentacle) {rN+ AC+4 Dex+4}
   (You took it off a deep elf sorcerer on level 3 of the Elven Halls)

   [ring of protection]

   It affects your AC (+4).
   It affects your dexterity (+4).
   It protects you from negative energy.
 k - the ring of Cattub {Wiz +Fly Str+5, unknown}
   (You found it on level 21 of a ziggurat)

   [ring of wizardry]

   It improves your spell success rate.
   It affects your strength (+5).
   It lets you fly.
 n - the ring of Ubaunleu (on tentacle) {rC+ MR++}
   (You bought it in a shop in a bazaar)

   [ring of protection from cold]

   It protects you from cold.
   It affects your resistance to hostile enchantments.
 p - a +6 ring of evasion (left tentacle)
 x - the ring of Maveocad {Fire Str-4 Dex+5, unknown}
   (You found it on level 22 of a ziggurat)

   [ring of fire]

   It enhances your fire magic.
   It affects your strength (-4).
   It affects your dexterity (+5).
   It protects you from fire.
   It makes you vulnerable to cold.
 D - the amulet of the Two Names (around mantle) {Reflect Str+4 Slay+6 SH+3}
   (You found it on level 25 of a ziggurat)

   [amulet of reflection]

   It shields you and reflects attacks.
   It affects your strength (+4).
   It affects your accuracy and damage with ranged weapons and melee attacks
   (+6).
   It affects your SH (+3).
 J - the ring "Jiumaluz" {AC+4 Str+2, unknown}
   (You found it on level 22 of a ziggurat)

   [ring of protection]

   It affects your AC (+4).
   It affects your strength (+2).
 L - the cursed ring "Erhekoiss" {+Blink rElec EV-3, unknown}
   (You found it on level 23 of a ziggurat)

   [ring of evasion]

   It affects your evasion (-3).
   It insulates you from electricity.
   It lets you blink.
   It has a curse placed upon it.
 M - the ring of Robustness (on tentacle) {AC+8}
   (You found it on level 10 of a ziggurat)

   [ring of protection]

   It affects your AC (+8).
 P - the ring "Kuagoum" (on tentacle) {AC+6 Int+6 Dex+4}
   (You found it on level 21 of a ziggurat)

   [ring of protection]

   It affects your AC (+6).
   It affects your intelligence (+6).
   It affects your dexterity (+4).
 W - the ring of Shaolin (right tentacle) {EV+8}
   (You found it on level 20 of a ziggurat)

   [ring of evasion]

   It affects your evasion (+8).
Scrolls
 c - 102 scrolls of remove curse
 e - 15 scrolls of magic mapping
 m - 64 scrolls of teleportation
 E - 3 scrolls of acquirement
 F - 50 scrolls of blinking
 I - 2 scrolls of summoning
 X - 13 scrolls of identify
Potions
 h - 7 potions of curing
 r - 7 potions of beneficial mutation
 u - a potion of resistance
 w - 9 potions of haste
 z - 10 potions of heal wounds
 N - 41 potions of cure mutation
 R - a potion of experience
 Y - a potion of invisibility
Books
 o - the Disquisition on Changing and Poisoning
   (You found it on level 21 of a ziggurat)

   Spells                             Type                      Level
   a - Sting                          Conjuration/Poison           1
   b - Sticks to Snakes               Transmutation                2
   c - Ignite Poison                  Fire/Transmutation/Poison    3
   d - Petrify                        Transmutation/Earth          4
   e - Yara's Violent Unravelling     Hexes/Transmutation          5
   f - Blade Hands                    Transmutation                5
Miscellaneous
 C - a disc of storms
Comestibles
 b - 77 royal jellies
 g - 3 meat rations
 s - a beef jerky
 B - 5 bread rations
 Z - 2 slices of pizza


   Skills:
 O Level 27 Fighting
 + Level 10.5 Short Blades
   Level 13.1(23.4) Axes
 + Level 22.7(24.5) Maces & Flails
 + Level 23.0(24.7) Polearms
   Level 13.0(23.4) Staves
 + Level 24.2 Throwing
 O Level 27 Dodging
 O Level 27 Stealth
 O Level 27 Shields
 O Level 27 Unarmed Combat
 O Level 27 Spellcasting
 O Level 27 Conjurations
 O Level 27 Hexes
 O Level 27 Charms
 + Level 20.2 Summonings
 O Level 27 Necromancy
 O Level 27 Translocations
 O Level 27 Transmutations
 O Level 27 Fire Magic
 O Level 27 Ice Magic
 O Level 27 Air Magic
 O Level 27 Earth Magic
 + Level 22.7 Poison Magic
 O Level 27 Invocations
 O Level 27 Evocations


You had 9 spell levels left.
You knew the following spells:

 Your Spells              Type           Power        Failure   Level  Hunger
a - Invisibility          Hex            ########     1%          6    None
b - Glaciate              Conj/Ice       ########..   2%          9    ####...
c - Tornado               Air            ########..   2%          9    ####...
d - Aura of Abjuration    Summ           ########..   1%          5    None
e - Controlled Blink      Tloc           N/A          1%          8    #......
f - Fire Storm            Conj/Fire      ########..   2%          9    ####...
g - Sting                 Conj/Pois      ####         1%          1    None
i - Shatter               Erth           ########..   2%          9    ####...
q - Regeneration          Chrm/Necr      ########..   1%          3    None
r - Statue Form           Tmut/Erth      ########.    1%          6    None
z - Deflect Missiles      Chrm/Air       ########..   1%          6    None


Dungeon Overview and Level Annotations

Branches:
Dungeon (15/15)            Temple (1/1) D:6            Lair (6/6) D:10
 Shoals (4/4) Lair:3       Spider (4/4) Lair:4        Slime (5/5) Lair:6
    Orc (2/2) D:12            Elf (3/3) Orc:2        Vaults (5/5) D:13
  Crypt (3/3) Vaults:2       Tomb (3/3) Crypt:3      Depths (5/5) D:15
   Hell (1/1)                 Dis (7/7) Hell            Geh (7/7) Hell
    Coc (7/7) Hell            Tar (7/7) Hell            Zot (5/5) Depths:5

Altars:
Ashenzari
Cheibriados
Dithmenos
Elyvilon
Fedhas
Gozag
Hepliaklqana
Kikubaaqudgha
Makhleb
Nemelex Xobeh
Okawaru
Qazlal
Ru
Sif Muna
Trog
Uskayaw
Vehumet
Xom
Yredelemnul
Zin
The Shining One
Beogh

Shops:
D:6 :   D:8 :   D:9 [}:   D:13 [   Orc:1 }   Orc:2 ?!:(   Lair:1 *=*=!****}!=
Shoals:1 ?   Depths:1 }?   Depths:3 ([:=

Portals:
Hell: Depths:1 Depths:2 Depths:3 Depths:4 Depths:5
Abyss: Depths:3 Depths:4 Depths:5
Pandemonium: Depths:1 Depths:3 Depths:5

Annotations:
Shoals:4 Polyphemus


Innate Abilities, Weirdness & Mutations

You cannot wear most types of armour.
You are very stealthy in the water. (Stealth+)
You are amphibious.
You can wear up to eight rings at the same time.
You can use your tentacles to constrict eight enemies at once.
Your skin changes colour to match your surroundings (Stealth+).
Your rubbery body absorbs attacks. (AC +1, EV +1)
Scrolls take you a little longer to read.
You are resistant to electric shocks. (rElec)
You are weak. (Str -2)


Message History

Press: ? - help, v - describe, . - travel The floor.
You are no longer corroded.
The floating eye gazes piercingly through you!
You suddenly lose the ability to move!
The azure jelly hits you but does no damage. x7
The azure jelly hits you.
* * * LOW HITPOINT WARNING * * *
The azure jelly hits you but does no damage.
The azure jelly hits you.
* * * LOW HITPOINT WARNING * * *
The azure jelly freezes you! You resist.
* * * LOW HITPOINT WARNING * * *
The azure jelly hits you but does no damage.
The azure jelly hits you.
* * * LOW HITPOINT WARNING * * *
The azure jelly hits you.
* * * LOW HITPOINT WARNING * * *
The azure jelly freezes you! You resist.
You die...

....................▓
....#...............▓
....#...............▓
....................▓
J...................▓
G..................∩▓
G...................▓
J.G.................▓
J..........G..GJ@...▓
....#..........J....▓
....J...............▓
....................▓
........▓▓▓▓▓▓▓▓▓▓▓▓▓
........ ........▓
.... ..


You could see 2 azure jellies, a shining eye and a floating eye.

Vanquished Creatures
  Cerebov (Pan)
  Antaeus (Coc:7)
  the Royal Jelly (Slime:5)
  Asmodeus (Geh:7)
  Gloorx Vloq (Pan)
  Ereshkigal (Tar:7)
  The ghost of Atenerus the Infernalist, a legendary GrEE of Vehumet (Zig:27)
  the Serpent of Hell (Dis:7)
  Lom Lobon (Pan)
  Dispater (Dis:7)
  Mnoleg (Pan)
  Khufu (Crypt:1)
  Mara (Crypt:1)
  65 ancient liches
  6 orbs of fire
  49 juggernauts
  Mennas (Vaults:5)
  Sojobo (Tomb:2)
  Boris (twice) (Crypt:2 Crypt:3)
  49 greater mummies
  A shard shrike (shapeshifter) (Zig:22)
  The ghost of Deemzul the Conqueror, a legendary GrMo of Cheibriados (Zig:26)
  57 Killer Klowns
  Margery (Depths:4)
  38 shard shrikes
  Xtahua (Depths:5)
  5 curse toes
  87 golden dragons
  A caustic shrike (shapeshifter) (Zig:20)
  17 caustic shrikes
  Geryon (Hell)
  Jory (Crypt:1)
  132 pandemonium lords
  12 profane servitors
  A golden dragon (shapeshifter) (Zig:22)
  47 bone dragons
  the Enchantress (Depths:5)
  31 pearl dragons
  Nikola (Vaults:1)
  18 doom hounds
  35 Brimstone Fiends
  27 iron giants
  Arachne (Spider:2)
  41 liches
  34 Tzitzimimeh
  3 electric golems (Zot:5)
  27 hellephants
  55 tentacled monstrosities
  45 titans
  24 Hell Sentinels
  55 Ice Fiends
  25 Orb Guardians (Zot:5)
  42 deep elf blademasters
  213 acid blobs
  33 quicksilver dragons
  28 sphinxes
  67 tentacled starspawn
  4 quicksilver dragons (shapeshifter)
  56 deep elf master archers
  31 Executioners
  11 death cobs
  3 eldritch tentacles
  5 sphinxes (shapeshifter)
  54 ancient champions
  10 warmongers
  3 shadow dragons (shapeshifter)
  2 thorn hunters
  61 draconian monks
  45 shadow dragons
  A storm dragon (shapeshifter) (Zig:18)
  88 azure jellies
  85 nagarajas
  6 azure jellies (shapeshifter)
  9 tengu reavers
  39 daevas
  Roxanne (Elf:3)
  40 storm dragons
  40 revenants
  23 fire giants
  29 vault wardens
  10 deep elf sorcerers
  A ghost moth (shapeshifter) (Zig:26)
  3 frost giants (shapeshifter)
  2 emperor scorpions (shapeshifter)
  75 ghost moths
  4 imperial myrmidons (Desolation)
  63 draconian knights
  25 iron dragons
  8 caustic shrike zombies
  5 fire giants (shapeshifter)
  6 juggernaut zombies
  102 orc warlords
  28 angels
  48 draconian scorchers
  31 frost giants
  43 draconian zealots
  39 balrugs
  39 curse skulls
  14 deep elf elementalists
  4 spriggan defenders
  55 draconian shifters
  36 emperor scorpions
  39 cacodemons
  13 ghouls
  88 very ugly things
  48 entropy weavers
  An entropy weaver (shapeshifter) (Zig:22)
  5 stone giants (shapeshifter)
  5 elemental wellsprings
  26 apis
  127 reapers
  29 ironheart preservers
  6 juggernaut skeletons
  57 draconian annihilators
  53 draconian callers
  19 corrupters
  112 stone giants
  16 blood saints
  10 caustic shrike skeletons
  47 war gargoyles
  22 black suns
  30 ophanim
  17 bennus
  32 mottled draconians
  214 slime creatures
  2 halazid warlocks (Desolation)
  35 black draconians
  29 green draconians
  60 deep elf annihilators
  41 deep elf demonologists
  43 yellow draconians
  18 lorocyprocas
  37 vampire knights
  34 spark wasps
  27 white draconians
  3 dire elephants (shapeshifter)
  15 dire elephants
  32 purple draconians
  2 spark wasps (shapeshifter)
  34 red draconians
  An ettin (shapeshifter) (Zig:24)
  24 deep elf death magi
  31 death oozes
  27 ettins
  58 merfolk javelineers
  11 quicksilver dragon zombies
  43 eidola
  A minotaur (Lab)
  49 mummy priests
  3 crystal guardians
  20 merfolk impalers
  A spectral kraken (Tar:7)
  19 jiangshi
  47 deep elf high priests
  A great orb of eyes (shapeshifter) (Zig:25)
  41 green deaths
  84 blizzard demons
  2 kraken zombies
  2 minotaurs (shapeshifter)
  36 fire dragons
  5 ragged hierophants (Desolation)
  Erolcha (Orc:2)
  56 yaktaur captains
  2 caustic shrike simulacra (Zig:27)
  An ice dragon (shapeshifter) (Zig:22)
  9 monstrous demonspawn (Pan)
  15 rakshasas
  52 great orbs of eyes
  Josephine (Lair:5)
  18 naga warriors
  88 hydras
  8 peacekeepers
  5 servants of whispers (Desolation)
  41 vault guards
  4 juggernaut simulacra
  7 quicksilver dragon skeletons
  15 alligator snapping turtles
  3 ghost crabs (shapeshifter)
  15 catoblepae
  25 centaur warriors
  6 ghost crabs
  4 spriggan air magi
  6 hell beasts
  4 alligator snapping turtles (shapeshifter)
  13 merfolk avatars
  80 ice dragons
  34 ogre magi
  The ghost of Naow the Cleaver, a novice MiBe of Trog (D:9)
  16 alligators
  22 anacondas
  2 queen ants (shapeshifter)
  6 death knights
  58 vampire magi
  24 satyrs
  An anaconda (shapeshifter) (Zig:18)
  8 tengu warriors
  34 merfolk aquamancers
  57 dancing weapons
  4 deep troll earth magi
  A spectral spriggan (Zig:4)
  A hell hog (shapeshifter) (Vaults:5)
  38 hell hogs
  79 death scarabs
  96 orc high priests
  7 deep troll shamans
  2 spriggan berserkers (Depths:2)
  14 titan zombies
  An alligator (shapeshifter) (Zig:24)
  7 death yaks
  A shock serpent (shapeshifter) (Zig:22)
  30 shock serpents
  85 thrashing horrors
  74 deep elf knights
  44 naga sharpshooters
  13 iron golems
  18 hell knights
  Sonja (D:10)
  57 sun demons
  15 titan skeletons
  6 iron trolls (shapeshifter)
  74 soul eaters
  13 storm dragon zombies
  55 wretched stars
  5 fire crabs (shapeshifter)
  62 iron trolls
  3 salamander mystics
  12 anaconda zombies
  26 spatial maelstroms
  A spectral emperor scorpion (Spider:4)
  135 skeletal warriors
  47 shadow wraiths
  50 sixfirhies
  A sea snake (shapeshifter) (Zig:17)
  An unseen horror (shapeshifter) (Zig:22)
  10 infernal demonspawn (Pan)
  10 storm dragon skeletons
  2 spectral anacondas (Depths:4)
  4 fire crabs
  2 deep trolls (shapeshifter)
  15 golden dragon zombies
  19 cherubim
  A glowing orange brain (shapeshifter) (Zig:15)
  A spark wasp zombie (Zig:9)
  A ghost moth zombie (Hell)
  15 tengu zombies
  47 flayed ghosts
  10 unseen horrors
  47 death drakes
  24 sea snakes
  17 spriggan druids
  3 swamp dragons (shapeshifter)
  14 naga ritualists
  17 deep trolls
  3 orange crystal statues
  A lindwurm (Zig:27)
  16 wizards
  A death drake (shapeshifter) (Zig:20)
  59 swamp dragons
  23 glowing orange brains
  18 hill giants
  6 anaconda skeletons
  69 deep elf archers
  11 gelid demonspawn (Pan)
  29 shadow demons
  A hill giant (shapeshifter) (Zig:24)
  A spectral minotaur (Depths:4)
  13 shadow dragon zombies
  12 golden dragon skeletons
  8 torturous demonspawn (Pan)
  28 ironbrand convokers
  25 shambling mangroves
  10 sphinx zombies
  A harpy (shapeshifter) (Zig:25)
  A spectral hydra (Depths:4)
  4 spectral wolf spiders (Spider:4)
  23 necromancers
  34 phantasmal warriors
  84 orb spiders
  75 ugly things
  2 orb spiders (shapeshifter)
  4 wolf spider zombies
  7 mana vipers
  39 harpies
  10 iron dragon zombies
  11 salamanders
  48 shining eyes
  5 stone giant zombies
  2 wolf spiders (shapeshifter)
  69 wolf spiders
  3 fauns (shapeshifter)
  53 orc knights
  4 human zombies
  88 orc sorcerers
  209 deep elf magi
  6 oklob plants (Zig:6)
  9 fire giant zombies
  2 cyclopes (shapeshifter)
  4 manticores (shapeshifter)
  6 sphinx skeletons
  11 shadow dragon skeletons
  9 frost giant zombies
  31 cyclopes
  22 manticores
  4 mana vipers (shapeshifter)
  4 elephants (shapeshifter)
  10 tengu skeletons
  A moth of wrath (shapeshifter) (Zig:25)
  19 sirens
  20 worldbinders
  8 elephants
  3 black mambas (shapeshifter)
  4 stone giant skeletons
  40 fauns
  13 spriggan zombies
  3 dire elephant zombies
  A salamander (shapeshifter) (Zig:15)
  2 shock serpent zombies
  38 water nymphs
  73 black mambas
  7 iron dragon skeletons
  60 rust devils
  39 torpor snails
  39 guardian serpents
  2 guardian serpents (shapeshifter)
  110 moths of wrath
  32 eyes of devastation
  3 frost giant skeletons
  59 apocalypse crabs
  7 molten gargoyles (Geh:7)
  32 vault sentinels
  A torpor snail (shapeshifter) (Zig:20)
  31 naga magi
  3 water nymphs (shapeshifter)
  8 ice statues
  Psyche (D:8)
  7 fire giant skeletons
  43 spiny frogs
  17 spectral swamp worms
  73 hellions
  36 orange demons
  2 rime drakes (shapeshifter)
  3 gargoyles
  4 titan simulacra
  3 eyes of devastation (shapeshifter)
  4 dire elephant skeletons
  25 elf zombies
  101 smoke demons
  2 storm dragon simulacra (Zig:27)
  4 spectral redbacks (Spider:4)
  A shock serpent skeleton (Coc:6)
  2 catoblepas zombies
  A mottled draconian zombie (Crypt:1)
  2 emperor scorpion zombies
  2 pale draconian zombies (Crypt:3)
  A redback zombie (Spider:4)
  29 rime drakes
  4 yaktaurs (shapeshifter)
  A purple draconian zombie (Crypt:1)
  8 spriggan skeletons
  88 ice devils
  A komodo dragon (shapeshifter) (Zig:17)
  2 spiny frogs (shapeshifter)
  15 efreet
  15 komodo dragons
  70 yaktaurs
  98 tormentors
  76 demonic crawlers
  4 kobold demonologists
  37 red devils
  2 spectral merfolk (Depths:4)
  5 anaconda simulacra
  A black draconian skeleton (Crypt:3)
  67 freezing wraiths
  A ghost moth simulacrum (Abyss:4)
  49 hellwings
  2 golden dragon simulacra
  A meliai (shapeshifter) (Vaults:1)
  98 guardian mummies
  10 hydra zombies
  4 tengu conjurers
  70 jumping spiders
  A jumping spider (shapeshifter) (Depths:1)
  5 meliai
  23 wind drakes
  A harpy skeleton (Geh:7)
  4 harpy zombies
  6 silent spectres
  3 spectral jumping spiders (Spider:4)
  A troll (shapeshifter) (Zig:26)
  91 merfolk
  45 ancient zymes
  11 polar bears
  A blink frog (shapeshifter) (Depths:1)
  4 hippogriffs (shapeshifter)
  2 merfolk (shapeshifter)
  The ghost of Naow the Skirmisher, an amateur FoFi (D:4)
  42 trolls
  3 wolf spider simulacra
  Prince Ribbit (D:7)
  76 hornets
  2 jumping spider zombies (Spider:4)
  32 two-headed ogres
  A tengu simulacrum (Zig:27)
  16 tyrant leeches
  2 hornets (shapeshifter)
  99 raiju
  A two-headed ogre (shapeshifter) (Vaults:1)
  7 spectral tarantellas (Spider:4)
  A wind drake (shapeshifter) (Vaults:3)
  9 hydra skeletons
  4 slime creatures (shapeshifter)
  41 saltlings (Desolation)
  27 blink frogs
  3 tarantella zombies
  16 bog bodies
  9 dream sheep
  2 fire giant simulacra
  7 alligator zombies
  A snapping turtle (shapeshifter) (Zig:20)
  4 ice dragon zombies
  2 dream sheep (shapeshifter)
  21 hippogriffs
  A stone giant simulacrum (Tomb:1)
  7 alligator skeletons
  78 tarantellas
  3 tarantellas (shapeshifter)
  19 air elementals
  10 ettin zombies
  7 fire dragon zombies
  126 flying skulls
  322 starcursed masses
  54 water elementals
  5 redbacks (shapeshifter)
  21 snapping turtles
  4 fire dragon skeletons
  2 ice dragon skeletons (Crypt:3)
  37 ushabtiu
  4 ettin skeletons
  61 ynoxinuls
  122 redbacks
  6 spriggans
  A spriggan (shapeshifter) (Zig:11)
  69 wraiths
  17 wyverns
  Grum (D:8)
  39 shadows
  2 dire elephant simulacra (IceCv)
  8 vampires
  42 fire elementals
  2 elf simulacra (Zig:27)
  93 yaks
  4 hill giant zombies (WizLab)
  5 hogs (shapeshifter)
  7 fire bats
  2 golden eyes (shapeshifter)
  28 golden eyes
  8 basilisks
  60 neqoxecs
  19 elf skeletons
  81 chaos spawn
  17 steam dragons
  8 vampire mosquitoes
  2 iron troll simulacra (IceCv)
  9 hungry ghosts
  A gelid demonspawn zombie (Crypt:3)
  46 wargs
  Menkaure (D:7)
  32 nagas
  185 large abominations
  3 swamp worms (Spider:3)
  7 harpy simulacra
  22 mottled dragons
  22 spatial vortices
  A human simulacrum (Vaults:4)
  14 insubstantial wisps
  A merfolk zombie (Crypt:2)
  2 swamp worms (shapeshifter)
  4 soldier ants (shapeshifter)
  A soldier ant (D:9)
  An orb spider zombie (Crypt:1)
  2 nagas (shapeshifter) (Zig:24)
  8 spiny frog zombies
  6 hydra simulacra
  35 water moccasins
  4 floating eyes (shapeshifter)
  59 hell hounds
  A torturous demonspawn skeleton (Crypt:2)
  5 spectral trolls (Depths:4)
  2 merfolk skeletons
  224 orc warriors
  12 floating eyes
  11 porcupines
  23 ice beasts
  2 fire dragon simulacra
  2 spiny frog skeletons
  51 eyes of draining
  A lindwurm zombie (Crypt:3)
  A black bear (shapeshifter) (Zig:21)
  6 ettin simulacra
  A swamp dragon zombie (Geh:2)
  27 swamp drakes
  An ice beast (shapeshifter) (Zig:25)
  2 manticore zombies
  2 hornet zombies (Spider:4)
  4 sky beasts
  16 black bears
  2 eyes of draining (shapeshifter)
  134 ogres
  2 snapping turtle zombies
  8 boggarts
  6 phantoms
  26 wolves
  The ghost of Zigma the Changer, an amateur DrTm (Sewer)
  The ghost of reaperXD the Skirmisher, an amateur OpMo (D:3)
  41 necrophages
  47 centaurs
  98 small abominations
  31 crocodiles
  2 swamp dragon skeletons
  4 snapping turtle skeletons
  2 crocodiles (shapeshifter)
  5 big kobolds
  Blork the orc (D:4)
  23 bullfrogs
  A gnoll sergeant (Zig:13)
  18 earth elementals
  A glowing shapeshifter simulacrum (Zig:27)
  A yaktaur skeleton (Zig:2)
  A wyvern skeleton (Crypt:2)
  9 troll zombies
  9 scorpions
  2 snapping turtle simulacra
  A spectral naga (Depths:4)
  A water moccasin skeleton (Crypt:2)
  A polar bear zombie (Crypt:1)
  A spectral ogre (Depths:4)
  80 wights
  12 killer bees
  6 electric eels
  6 howler monkeys
  21 crimson imps
  4 spectral centaurs (Depths:4)
  2 bullfrog zombies
  9 centaur zombies
  2 draconian simulacra (IceCv)
  16 quasits
  68 orc wizards
  2 bullfrog skeletons
  19 hounds
  A human skeleton (Geh:7)
  10 jellies
  8 centaur skeletons
  59 iron imps
  39 orc priests
  14 worker ants
  5 iguanas
  A lightning spire (Zig:8)
  A porcupine zombie (Crypt:2)
  A hell rat (Coc:7)
  2 spriggan simulacra
  5 troll simulacra
  2 polar bear simulacra (IceCv)
  A wolf simulacrum (IceCv)
  5 ogre zombies
  A centaur simulacrum (IceCv)
  A mottled dragon zombie (Crypt:3)
  A naga zombie (Geh:7)
  A crocodile skeleton (Crypt:2)
  A deep dwarf skeleton (Crypt:1)
  An ogre skeleton (Crypt:2)
  2 hound zombies
  2 hound skeletons
  A howler monkey zombie (D:7)
  3 worker ant zombies
  140 mummies
  Robin (D:2)
  An ogre simulacrum (IceCv)
  21 adders
  9 gnolls
  A naga simulacrum (IceCv)
  5 river rats (Sewer)
  20 shadow imps
  78 white imps
  14 ufetubi
  7 oozes
  An adder skeleton (Crypt:2)
  18 worms
  3 ball lightnings (Pan)
  2 dart slugs
  10 leopard geckos
  84 orcs
  12 bats
  7 giant cockroaches
  10 goblins
  6 hobgoblins
  4 jackals
  A kobold (shapeshifter) (Vaults:5)
  5 quokkas
  6 ball pythons
  A ball python zombie (Crypt:3)
  3 frilled lizards
  34 kobolds
  A leopard gecko skeleton (D:4)
  2 orc skeletons
  An orc zombie (Hell)
  29 rats
  A rat (shapeshifter) (Zig:20)
  A rat skeleton (Crypt:1)
  10 blocks of ice
  6 briar patches (Zig:8)
  20 crawling corpses
  10 fire vortices (Pan)
  A fungus (Lair:6)
  A lost soul (Zig:23)
  4 lurking horrors
  7 plants
  49 starspawn tentacles
  9 tentacles
14117 creatures vanquished.

Vanquished Creatures (collateral kills)
  An ice dragon (Depths:5)
  A crawling corpse (Zig:8)
2 creatures vanquished.

Vanquished Creatures (others)
  An ancient lich (Zig:18)
  A shard shrike (Zig:27)
  A golden dragon (Zig:26)
  2 pandemonium lords
  A quicksilver dragon (Zig:19)
  2 deep elf blademasters (Zig:27)
  2 acid blobs (Zig:12)
  2 eldritch tentacles
  4 deep elf master archers
  A thorn hunter (Zig:19)
  A storm dragon (Zig:26)
  4 nagarajas (Zig:23)
  2 fire giants
  3 draconian knights
  A revenant (Tomb:2)
  2 orc warlords (Zig:23)
  A ghost moth (Zig:23)
  2 frost giants
  2 juggernaut zombies
  2 draconian scorchers
  An angel (Zig:20)
  A draconian annihilator (Zig:22)
  An elemental wellspring (Coc:7)
  A starcursed mass (Abyss:4)
  12 stone giants
  A yellow draconian (Zig:25)
  2 deep elf annihilators
  A deep elf death mage (Zig:12)
  4 merfolk javelineers
  A merfolk impaler (Zig:26)
  3 deep elf high priests
  An ice dragon (Zig:26)
  6 yaktaur captains
  2 centaur warriors
  A catoblepas (Zig:27)
  A death knight (Zig:25)
  27 dancing weapons
  50 death scarabs
  A vampire mage (Zig:12)
  A merfolk aquamancer (Zig:19)
  3 satyrs
  An orc high priest (Zig:23)
  A shock serpent (Zig:21)
  2 deep elf knights
  5 naga sharpshooters
  A shadow wraith (Zig:11)
  A ghost moth zombie (Tomb:3)
  An iron troll (Zig:23)
  A sixfirhy (Abyss:4)
  5 deep elf archers
  A swamp dragon (Zig:26)
  A cherub (Zig:17)
  A wolf spider (Zig:23)
  A shining eye (Zig:11)
  A mana viper (Zig:21)
  5 deep elf magi
  2 fauns
  2 cyclopes
  An ugly thing (Pan)
  A frost giant skeleton (Tomb:2)
  A guardian serpent (Zig:23)
  2 orange demons (Abyss:4)
  A manticore (Zig:26)
  A black mamba (Zig:21)
  An apocalypse crab (Zig:17)
  A dire elephant zombie (Tomb:3)
  A smoke demon (Abyss:4)
  A vault sentinel (Zig:26)
  A water nymph (Zig:26)
  A rime drake (Zig:10)
  3 yaktaurs
  2 ancient zymes
  A red draconian skeleton (Tomb:3)
  2 merfolk
  2 hornets
  An ettin zombie (Hell)
  4 slime creatures
  A snapping turtle (Zig:23)
  5 large abominations
  3 flying skulls
  A redback (Zig:19)
  A ynoxinul (Pan)
  A tarantella (Zig:19)
  An air elemental (Zig:21)
  A fire bat (Pan)
  4 water elementals
  2 chaos spawn
  5 golden eyes
  A steam dragon (Zig:26)
  A vampire mosquito (Zig:6)
  A naga (Zig:23)
  A warg (Zig:23)
  A hell hound (Depths:4)
  2 orc warriors
  A tengu (shapeshifter) (Zig:18)
  An eye of draining (Abyss:5)
  4 ogres
  4 small abominations
  A necrophage (Zig:15)
  2 boggarts (Depths:3)
  A centaur (Zig:13)
  A howler monkey (shapeshifter) (Depths:3)
  A hound (Lair:6)
  A hound (shapeshifter) (Zig:16)
  2 orc wizards
  An orc priest (D:3)
  A mummy (Tomb:3)
  2 shadow imps
  2 white imps (Zig:24)
  2 ufetubi
  12 ball lightnings (Pan)
  2 orcs (D:3)
  A kobold skeleton (Abyss:4)
  3 blocks of ice
  2 bushes
  3 crawling corpses
  7 fire vortices
  18 fungi
  7 lost souls (Zig:23)
  8 lurking horrors
  56 plants
  93 starspawn tentacles
  18 tentacles
507 creatures vanquished.

Grand Total: 14626 creatures vanquished

Notes
Turn   | Place    | Note
-------+----------+-------------------------------------------
     0 | D:1      | reaperXD the Octopode Monk began the quest for the Orb.
     0 | D:1      | Reached XP level 1. HP: 16/16 MP: 1/1
   176 | D:1      | Reached XP level 2. HP: 21/21 MP: 2/2
  1853 | D:2      | Noticed Robin
  1856 | D:2      | Reached XP level 3. HP: 24/26 MP: 3/3
  1861 | D:2      | Killed Robin
  2754 | D:2      | Reached XP level 4. HP: 28/31 MP: 4/4
  3417 | D:2      | Found a faded altar of an unknown god.
  3417 | D:2      | Found a glowing golden altar of the Shining One.
  3424 | D:2      | Found a faded altar of an unknown god.
  3426 | D:2      | Found a faded altar of an unknown god.
  3427 | D:2      | Found a faded altar of an unknown god.
  4059 | D:3      | Reached XP level 5. HP: 37/37 MP: 5/5
  4126 | D:3      | Reached skill level 5 in Unarmed Combat
  4408 | D:3      | Noticed reaperXD's ghost (amateur OpMo)
  4435 | D:3      | Killed reaperXD's ghost
  4435 | D:3      | Reached XP level 6. HP: 20/43 MP: 6/6
  5398 | D:4      | Noticed Blork the orc
  5409 | D:4      | Killed Blork the orc
  5575 | D:4      | Reached XP level 7. HP: 47/49 MP: 7/7
  5803 | D:4      | Noticed Naow's ghost (amateur FoFi)
  6923 | D:4      | Reached skill level 5 in Fighting
  7192 | D:5      | Entered Level 5 of the Dungeon
  7322 | D:5      | Reached skill level 5 in Dodging
  7332 | D:5      | Reached XP level 8. HP: 43/55 MP: 8/8
  8041 | D:5      | Found a snail-covered altar of Cheibriados.
  8370 | D:6      | Found a glowing drain.
  8382 | Sewer    | Entered a sewer
  8610 | Sewer    | Noticed Zigma's ghost (amateur DrTm)
  8648 | Sewer    | Killed Zigma's ghost
  9208 | D:6      | Found a shattered altar of Ashenzari.
  9212 | D:6      | Found a staircase to the Ecumenical Temple.
  9271 | Temple   | Entered the Ecumenical Temple
  9658 | Temple   | Became a worshipper of Gozag Ym Sagoz the Greedy
  9838 | D:6      | Found Tifil's Book Shop.
 11036 | D:7      | Reached XP level 9. HP: 63/63 MP: 9/9
 11404 | D:7      | Found a white marble altar of Elyvilon.
 11444 | D:7      | Noticed Prince Ribbit
 11639 | D:7      | Killed Prince Ribbit
 12326 | D:7      | Reached skill level 10 in Unarmed Combat
 12523 | D:7      | Noticed Menkaure
 12534 | D:7      | Killed Menkaure
 13059 | D:8      | Reached skill level 1 in Shields
 13093 | D:8      | Reached XP level 10. HP: 71/71 MP: 10/10
 13146 | D:8      | Noticed Psyche
 13183 | D:8      | Killed Psyche
 13440 | D:8      | Noticed Grum
 13542 | D:8      | Killed Grum
 13542 | D:8      | Reached skill level 1 in Spellcasting
 14262 | D:9      | Found Zin's Purification Station.
 14264 | D:9      | Found a glowing silver altar of Zin.
 14351 | D:9      | Noticed Naow's ghost (novice MiBe)
 14401 | D:9      | Killed Naow's ghost
 14401 | D:9      | Reached skill level 5 in Shields
 14459 | D:9      | Found Zahal's Food Boutique.
 14635 | D:9      | Learned a level 4 spell: Ice Form
 14650 | D:9      | Reached XP level 11. HP: 77/77 MP: 15/15
 14658 | D:9      | Found a blossoming altar of Fedhas.
 14726 | D:9      | Found an ancient bone altar of Kikubaaqudgha.
 14809 | D:9      | Reached skill level 1 in Transmutations
 14870 | D:9      | Found Ilumuraoff's Antique Armour Emporium.
 15006 | D:9      | Found a radiant altar of Vehumet.
 15048 | D:9      | Found Boghin's Gadget Shoppe.
 15095 | D:9      | Found Qotetih's Book Shoppe.
 15382 | D:10     | Entered Level 10 of the Dungeon
 16156 | D:10     | Noticed a hill giant
 16312 | D:9      | Learned a level 3 spell: Spider Form
 16407 | D:8      | Bought Sif Muna's Compendium of Shifting Enhancements for 794 gold pieces
 16414 | D:8      | Learned a level 6 spell: Statue Form
 16551 | D:10     | Found a staircase to the Lair.
 16807 | D:10     | Noticed Sonja
 16864 | D:10     | Killed Sonja
 16864 | D:10     | Reached skill level 1 in Earth Magic
 17491 | Lair:1   | Entered Level 1 of the Lair of Beasts
 17501 | Lair:1   | Noticed a seven-headed hydra
 17621 | Lair:1   | Found a hazy altar of Hepliaklqana.
 17671 | Lair:1   | Noticed a five-headed hydra
 17699 | Lair:1   | Found a labyrinth entrance.
 17708 | Lab      | Entered a labyrinth
 17939 | Lab      | Reached skill level 5 in Spellcasting
 18197 | Lab      | Noticed a minotaur
 18218 | Lab      | Killed a minotaur
 18827 | Lair:1   | Reached XP level 12. HP: 74/85 MP: 20/20
 19074 | Lair:1   | Killed a seven-headed hydra
 19700 | Lair:1   | Killed a five-headed hydra
 20062 | Lair:2   | Reached skill level 5 in Transmutations
 20062 | Lair:2   | Reached skill level 5 in Earth Magic
 22165 | Lair:3   | Found a staircase to the Shoals.
 22520 | Lair:3   | Reached XP level 13. HP: 48/91 MP: 20/22
 23037 | Lair:3   | Found a shimmering altar of Xom.
 23252 | Lair:4   | Found a hole to the Spider Nest.
 24793 | Lair:5   | Reached skill level 10 in Fighting
 25203 | Lair:5   | Noticed Josephine
 25280 | Lair:5   | Killed Josephine
 26616 | Lair:6   | Entered Level 6 of the Lair of Beasts
 27820 | Lair:6   | Reached XP level 14. HP: 79/99 MP: 24/24
 29306 | Lair:6   | Got a translucent bronze amulet
 30331 | Lair:6   | Found a staircase to the Slime Pits.
 30556 | Lair:6   | Identified the amulet "Luexzyq" {Faith +Fly Dex-3 Stlth+} (You found it on level 6 of the Lair of Beasts)
 31566 | Lair:1   | Bought a +4 ring of protection for 432 gold pieces
 31566 | Lair:1   | Bought the cursed ring of Tyumpipt {+Fly rElec rF- rN+ Str-4} for 117 gold pieces
 32998 | D:12     | Learned a level 3 spell: Regeneration
 33044 | D:12     | Found a staircase to the Orcish Mines.
 33136 | D:12     | Reached skill level 10 in Transmutations
 33156 | D:12     | Identified the Papyrus of Axaxaxas mlö
 33170 | D:12     | Identified the Handbook of Dhcmrlchtdj
 33642 | D:12     | Identified Quruecha's Catalogue of Sand
 33860 | Orc:1    | Entered Level 1 of the Orcish Mines
 33882 | Orc:1    | Reached XP level 15. HP: 105/105 MP: 27/27
 34020 | Orc:2    | Entered Level 2 of the Orcish Mines
 34279 | Orc:1    | Found Luihem's Quality Used Wands.
 34306 | Orc:1    | Reached skill level 10 in Earth Magic
 34636 | Orc:2    | Noticed an orc warlord
 34678 | Orc:1    | Killed an orc warlord
 34869 | Orc:2    | Found a staircase to the Elven Halls.
 34891 | Orc:2    | Found a deep blue altar of Sif Muna.
 35119 | Orc:2    | Paralysed by an orc sorcerer for 3 turns
 35332 | Orc:2    | Noticed Erolcha
 35332 | Orc:2    | Found a radiant altar of Vehumet.
 35342 | Orc:2    | Killed Erolcha
 35373 | Orc:2    | Found Yxtuthri's Distillery.
 35395 | Orc:2    | Found an ancient bone altar of Kikubaaqudgha.
 35671 | Orc:2    | Found a roughly hewn altar of Beogh.
 35671 | Orc:2    | Found Jowkyo's Antique Weapon Emporium.
 35671 | Orc:2    | Found Ihirut's Magic Scroll Shoppe.
 35728 | Orc:2    | Paralysed by an orc sorcerer for 6 turns
 35777 | Orc:2    | Found Neotag's Book Shoppe.
 35794 | Orc:2    | Bought a scroll of teleportation for 42 gold pieces
 35794 | Orc:2    | Bought a scroll of teleportation for 42 gold pieces
 35794 | Orc:2    | Bought a scroll of blinking for 105 gold pieces
 35848 | Orc:2    | Bought a potion of curing for 42 gold pieces
 35848 | Orc:2    | Bought a potion of heal wounds for 70 gold pieces
 35848 | Orc:2    | Bought a potion of curing for 42 gold pieces
 36094 | Orc:2    | Identified Sif Muna's Almanac of the Arsonist
 36587 | Lair:1   | Bought an uncursed amulet of regeneration for 360 gold pieces
 37206 | D:13     | Found a gate to the Vaults.
 38792 | D:14     | Reached XP level 16. HP: 112/112 MP: 28/28
 40028 | D:15     | Entered Level 15 of the Dungeon
 40084 | D:15     | Found a flickering gateway to a bazaar.
 40138 | Bazaar   | Entered a bazaar
 40138 | Bazaar   | Found Cerphun's Assorted Antiques.
 40138 | Bazaar   | Found Kalybloc's Assorted Antiques.
 40138 | Bazaar   | Found Kiot's Jewellery Shop.
 40138 | Bazaar   | Found Henaruyph's General Store.
 40140 | Bazaar   | Found Zivabrut's Jewellery Emporium.
 40200 | Bazaar   | Bought a +3 ring of evasion for 231 gold pieces
 40200 | Bazaar   | Bought a +3 ring of slaying for 495 gold pieces
 40200 | Bazaar   | Bought the ring "Ibygi" {rF+ SInv} for 319 gold pieces
 40200 | Bazaar   | Bought the ring of Ubaunleu {rC+ MR++} for 444 gold pieces
 40214 | Bazaar   | Bought the ring of Teadwed {rPois rN+ Int+2 SInv} for 298 gold pieces
 40256 | D:15     | Reached skill level 15 in Unarmed Combat
 40994 | D:15     | Found a staircase to the Depths.
 41381 | D:9      | Bought a meat ration for 55 gold pieces
 41381 | D:9      | Bought a slice of pizza for 16 gold pieces
 41381 | D:9      | Bought 4 fruits for 66 gold pieces
 41381 | D:9      | Bought a slice of pizza for 16 gold pieces
 41381 | D:9      | Bought a bread ration for 55 gold pieces
 41381 | D:9      | Bought a bread ration for 55 gold pieces
 41381 | D:9      | Bought a meat ration for 55 gold pieces
 41381 | D:9      | Bought a beef jerky for 16 gold pieces
 41533 | Spider:1 | Entered Level 1 of the Spider Nest
 42283 | Spider:2 | Noticed Arachne
 42315 | Spider:2 | Killed Arachne
 42554 | Spider:2 | Found a frozen archway.
 42563 | IceCv    | Entered an ice cave
 42760 | IceCv    | Reached skill level 10 in Spellcasting
 43144 | IceCv    | Noticed an Ice Fiend
 43167 | IceCv    | Reached XP level 17. HP: 117/117 MP: 23/31
 43227 | IceCv    | Killed an Ice Fiend
 43310 | IceCv    | Got a heavily runed hat
 43330 | IceCv    | Identified the +3 hat "Tadyum" {rElec Str-4 Dex+7} (You found it in an ice cave)
 44951 | Spider:4 | Entered Level 4 of the Spider Nest
 45948 | Spider:4 | Reached XP level 18. HP: 117/124 MP: 25/34
 46179 | Spider:4 | Got a gossamer rune of Zot
 47219 | Shoals:1 | Entered Level 1 of the Shoals
 48052 | Shoals:1 | Found Uhoo's Magic Scroll Shoppe.
 48060 | Shoals:1 | Bought a scroll of teleportation for 33 gold pieces
 48060 | Shoals:1 | Bought a scroll of enchant armour for 82 gold pieces
 48771 | Shoals:2 | HP: 1/161 [alligator snapping turtle (33)]
 50525 | Shoals:3 | Reached XP level 19. HP: 128/128 MP: 32/37
 50675 | Shoals:3 | Reached skill level 15 in Spellcasting
 51188 | Shoals:4 | Entered Level 4 of the Shoals
 51609 | Shoals:4 | Got a barnacled rune of Zot
 51707 | Shoals:4 | Noticed Polyphemus
 52522 | Vaults:1 | Entered Level 1 of the Vaults
 52583 | Vaults:1 | Noticed Nikola
 52591 | Vaults:1 | Killed Nikola
 52663 | Vaults:1 | Found a magical portal.
 52687 | WizLab   | Entered Zonguldrok's Shrine
 52997 | WizLab   | Noticed an antique lich
 53005 | WizLab   | Killed an antique lich
 53299 | Vaults:1 | Reached XP level 20. HP: 137/137 MP: 40/40
 54425 | Vaults:2 | Found a staircase to the Crypt.
 55853 | Vaults:3 | Reached XP level 21. HP: 148/148 MP: 35/41
 56276 | Vaults:3 | Reached skill level 1 in Charms
 56341 | Vaults:3 | Reached skill level 1 in Necromancy
 58354 | Lair:1   | Bought the ring of Activism {Wiz rC+ Dex+4 Slay+5 Stlth+} for 1143 gold pieces
 58371 | Lair:1   | Bought a beef jerky for 16 gold pieces
 58371 | Lair:1   | Bought 3 fruits for 49 gold pieces
 58371 | Lair:1   | Bought a bread ration for 55 gold pieces
 58371 | Lair:1   | Bought a slice of pizza for 16 gold pieces
 58371 | Lair:1   | Bought a meat ration for 55 gold pieces
 58371 | Lair:1   | Bought a bread ration for 55 gold pieces
 58371 | Lair:1   | Bought a meat ration for 55 gold pieces
 58371 | Lair:1   | Bought a slice of pizza for 16 gold pieces
 58371 | Lair:1   | Bought a royal jelly for 22 gold pieces
 58371 | Lair:1   | Bought a beef jerky for 16 gold pieces
 58371 | Lair:1   | Bought a slice of pizza for 16 gold pieces
 58373 | Lair:1   | Bought a meat ration for 70 gold pieces
 58434 | D:9      | Bought a bread ration for 55 gold pieces
 58434 | D:9      | Bought 4 fruits for 66 gold pieces
 58434 | D:9      | Bought a bread ration for 55 gold pieces
 58585 | Depths:1 | Entered Level 1 of the Depths
 58703 | Depths:1 | Found a one-way gate leading to the halls of Pandemonium.
 58929 | Depths:1 | Reached skill level 5 in Necromancy
 58968 | Depths:1 | Reached skill level 5 in Charms
 59131 | Depths:1 | Found a gateway to a ziggurat.
 59144 | Depths:1 | Gained mutation: Your magical capacity is low. (-10% MP) [a shining eye]
 59145 | Depths:1 | Reached XP level 22. HP: 156/156 MP: 38/38
 59157 | Depths:1 | Found a gateway to Hell.
 59411 | Depths:1 | Reached skill level 15 in Fighting
 59505 | Depths:1 | Found Ynem's Gadget Shoppe.
 59954 | Depths:2 | Noticed a golden dragon
 59958 | Depths:2 | Killed a golden dragon
 59962 | Depths:2 | Paralysed by a floating eye for 4 turns
 61513 | Depths:3 | Found Vuloj's Book Shoppe.
 61851 | Depths:3 | Found Osoczo's Armour Shoppe.
 61851 | Depths:3 | Found Osinits's Antique Weapon Emporium.
 61957 | Depths:3 | Reached XP level 23. HP: 164/164 MP: 35/39
 62476 | Depths:3 | Found a one-way gate to the infinite horrors of the Abyss.
 62648 | Depths:4 | Noticed Margery
 62672 | Depths:4 | Killed Margery
 63397 | Depths:4 | Paralysed by a floating eye for 2 turns
 63405 | Depths:4 | Paralysed by a floating eye for 3 turns
 64171 | Depths:5 | Entered Level 5 of the Depths
 64288 | Depths:5 | Reached XP level 24. HP: 173/173 MP: 37/40
 64353 | Depths:5 | Noticed the Enchantress
 64372 | Depths:5 | Killed the Enchantress
 64408 | Depths:5 | Got faerie dragon scales
 64452 | Depths:5 | Learned a level 9 spell: Tornado
 64460 | Depths:5 | Reached XP level 25. HP: 169/180 MP: 40/40
 64614 | Depths:5 | Found a gate to the Realm of Zot.
 64716 | Depths:5 | Found Toba's Food Shop.
 64729 | Depths:5 | Bought a beef jerky for 21 gold pieces
 64729 | Depths:5 | Bought a slice of pizza for 21 gold pieces
 64729 | Depths:5 | Bought a bread ration for 70 gold pieces
 64729 | Depths:5 | Bought a bread ration for 70 gold pieces
 64729 | Depths:5 | Bought a bread ration for 70 gold pieces
 64729 | Depths:5 | Bought a bread ration for 70 gold pieces
 64729 | Depths:5 | Bought a meat ration for 70 gold pieces
 64729 | Depths:5 | Bought a royal jelly for 28 gold pieces
 64729 | Depths:5 | Bought a bread ration for 70 gold pieces
 64729 | Depths:5 | Bought a slice of pizza for 21 gold pieces
 64729 | Depths:5 | Bought a beef jerky for 21 gold pieces
 64729 | Depths:5 | Bought a beef jerky for 21 gold pieces
 64925 | Depths:5 | Reached skill level 15 in Transmutations
 65676 | Lair:1   | Bought a scroll of enchant armour for 97 gold pieces
 65856 | Elf:1    | Entered Level 1 of the Elven Halls
 66636 | Elf:2    | Found a ruined gateway.
 66661 | Desolati | Entered the Desolation of Salt
 66789 | Desolati | Got a vibrating marble ring
 66803 | Desolati | Identified the Volume of Unstable Flames
 66944 | Desolati | Identified the Handbook of the Compass and Enhancements
 67302 | Desolati | Got a shimmering turquoise ring
 67306 | Desolati | Identified the Volume of Excruciating Malediction
 67309 | Desolati | Got an ancient pewter ring
 67529 | Desolati | Identified the ring of the Queen {rN+ Dex+2} (You took it off an imperial myrmidon in the Desolation of Salt)
 67530 | Desolati | Identified a ring of Tyroresk {*Tele +Fly} (You found it in the Desolation of Salt)
 67531 | Desolati | Identified the ring "Ipeomp" {+Blink rPois rC- rN++ Int+4} (You found it in the Desolation of Salt)
 67684 | Elf:2    | Found a huge runed gate.
 67684 | Elf:2    | Found a huge runed gate.
 67686 | Elf:2    | Found a huge runed gate.
 68270 | Elf:2    | Reached XP level 26. HP: 189/189 MP: 40/40
 68629 | Elf:3    | Entered Level 3 of the Elven Halls
 69037 | Elf:3    | Noticed Roxanne
 69188 | Elf:3    | Killed Roxanne
 69201 | Elf:3    | Learned a level 7 spell: Dragon Form
 69694 | Elf:3    | Got a shimmering bone ring
 70330 | Lair:1   | Identified the ring "Jehuqunu" {rCorr MR+} (You took it off a deep elf high priest on level 3 of the Elven Halls)
 70726 | Elf:3    | Got a clouded wooden ring
 70799 | Elf:3    | Identified the Reference Book on Igneous Combat Magic
 71088 | Lair:1   | Identified the ring of Nully {rN+ AC+4 Dex+4} (You took it off a deep elf sorcerer on level 3 of the Elven Halls)
 71365 | Depths:3 | Voluntarily entered the Abyss.
 71396 | Abyss:1  | Found a corrupted altar of Lugonu.
 71570 | Abyss:1  | Noticed an ancient lich
 71646 | Abyss:1  | Killed an ancient lich
 72102 | Abyss:1  | Reached skill level 15 in Earth Magic
 72307 | Abyss:1  | Reached XP level 27. HP: 198/198 MP: 41/41
 72595 | Abyss:3  | Found a corrupted altar of Lugonu.
 72634 | Abyss:3  | Paralysed by accursed screaming for 1 turns
 72690 | Abyss:4  | Got an abyssal rune of Zot
 72771 | Abyss:4  | Found a corrupted altar of Lugonu.
 73216 | Abyss:4  | Paralysed by accursed screaming for 1 turns
 73654 | Abyss:4  | Paralysed by accursed screaming for 2 turns
 73662 | Abyss:4  | Paralysed by accursed screaming for 1 turns
 74221 | Abyss:4  | Gained mutation: You regenerate slowly when monsters are visible. [a neqoxec]
 74275 | Abyss:4  | Paralysed by accursed screaming for 2 turns
 74282 | Abyss:4  | Paralysed by accursed screaming for 2 turns
 74289 | Abyss:4  | Paralysed by accursed screaming for 1 turns
 74366 | Depths:3 | Escaped the Abyss
 74570 | Lair:1   | Bought a potion of cure mutation for 275 gold pieces
 74570 | Lair:1   | Bought 2 potions of heal wounds for 110 gold pieces
 74570 | Lair:1   | Bought a potion of heal wounds for 55 gold pieces
 74792 | Crypt:1  | Entered Level 1 of the Crypt
 74792 | Crypt:1  | Noticed Jory
 74897 | Crypt:1  | Killed Jory
 74963 | Crypt:1  | Noticed Mara
 74966 | Crypt:1  | Killed Mara
 75090 | Crypt:1  | Noticed Khufu
 75092 | Crypt:1  | Noticed a greater mummy
 75092 | Crypt:1  | Noticed a greater mummy
 75105 | Crypt:1  | Killed Khufu
 75114 | Crypt:1  | Killed a greater mummy
 75133 | Crypt:1  | Killed a greater mummy
 75988 | Crypt:2  | Noticed Boris
 76011 | Crypt:2  | Killed Boris
 76506 | Crypt:3  | Entered Level 3 of the Crypt
 76513 | Crypt:3  | Found a staircase to the Tomb.
 76863 | Crypt:3  | Noticed Boris
 76869 | Crypt:3  | Killed Boris
 77495 | Crypt:3  | Noticed an ancient lich
 77500 | Crypt:3  | Killed an ancient lich
 77562 | Crypt:3  | Identified Sif Muna's Handbook of Attacks and Transmutation
 77567 | Crypt:3  | Got a twitching bronze amulet
 77567 | Crypt:3  | Got a twitching bronze ring
 78006 | Crypt:3  | Identified the amulet "Udoxt" {Regen+ Dex+2} (You found it on level 3 of the Crypt)
 78007 | Crypt:3  | Identified the ring of Ingaecze {rN+ MR- Dex+3 SInv} (You found it on level 3 of the Crypt)
 79028 | Zot:1    | Entered Level 1 of the Realm of Zot
 80123 | Zot:2    | Reached skill level 1 in Air Magic
 80278 | Zot:2    | Paralysed by a Zot trap for 2 turns
 80634 | Zot:2    | Reached skill level 5 in Air Magic
 82278 | Zot:4    | Noticed an orb of fire
 82287 | Zot:4    | Killed an orb of fire
 82377 | Zot:4    | Found a burning altar of Makhleb.
 82413 | Zot:4    | Identified the Volume of the Zealot
 82431 | Zot:4    | Identified the Papyrus of Fire and Brimstone
 83117 | Depths:3 | Voluntarily entered the Abyss.
 83337 | Depths:3 | Escaped the Abyss
 83344 | Depths:3 | Voluntarily entered the Abyss.
 83344 | Abyss:1  | Found a corrupted altar of Lugonu.
 83598 | Depths:3 | Escaped the Abyss
 83600 | Depths:3 | Bought the ring "Ebizusug" {Int+5 SInv Stlth+} for 828 gold pieces
 83876 | D:4      | Killed Naow's ghost
 83995 | D:2      | Fell from the grace of Gozag
 83995 | D:2      | Became a worshipper of the Shining One
 84439 | Depths:3 | Voluntarily entered the Abyss.
 84514 | Abyss:1  | Got a shimmering granite ring
 84657 | Abyss:1  | Reached skill level 10 in Air Magic
 84698 | Abyss:1  | Reached * piety under the Shining One
 84836 | Abyss:1  | Reached ** piety under the Shining One
 85195 | Abyss:1  | Reached *** piety under the Shining One
 85354 | Abyss:1  | Identified a scroll of acquirement
 85479 | Abyss:1  | Reached **** piety under the Shining One
 85596 | Abyss:1  | Found a corrupted altar of Lugonu.
 85789 | Abyss:1  | Paralysed by accursed screaming for 1 turns
 85816 | Abyss:2  | Found a corrupted altar of Lugonu.
 85844 | Abyss:2  | Found a corrupted altar of Lugonu.
 85887 | Abyss:2  | Reached ***** piety under the Shining One
 85911 | Abyss:2  | Found a corrupted altar of Lugonu.
 85967 | Abyss:2  | Gained mutation: You are weak. (Str -2) [a neqoxec]
 86560 | Abyss:2  | Reached ****** piety under the Shining One
 86985 | Abyss:2  | Found a sacrificial altar of Ru.
 87108 | Abyss:2  | Found a sacrificial altar of Ru.
 87123 | Depths:3 | Escaped the Abyss
 87440 | Lair:1   | Lost mutation: Your magical capacity is extremely low. (-30% MP) [potion of cure mutation]
 87440 | Lair:1   | Lost mutation: You are weak. (Str -2) [potion of cure mutation]
 87449 | Lair:1   | Identified the ring of Descent {MR+ Dex+2} (You found it on level 1 of the Abyss)
 87466 | Lair:1   | Got a slimy garnet amulet
 87467 | Lair:1   | Identified the amulet of Xom's Displeasure {RegenMP *Contam rPois rC+} (You acquired it on level 1 of the Lair of Beasts)
 87960 | Lair:1   | Learned a level 6 spell: Deflect Missiles
 87962 | Lair:1   | Learned a level 1 spell: Apportation
 88216 | Tomb:1   | Entered Level 1 of the Tomb of the Ancients
 88714 | Tomb:1   | Identified the Incunabulum of Venomous Stones
 88767 | Tomb:1   | Noticed a greater mummy
 89010 | Tomb:1   | Reached skill level 27 in Unarmed Combat
 89143 | Tomb:1   | Noticed a greater mummy
 89151 | Tomb:1   | Killed a greater mummy
 89209 | Tomb:2   | Noticed a greater mummy
 89223 | Tomb:2   | Noticed a greater mummy
 89223 | Tomb:2   | Noticed a greater mummy
 89231 | Tomb:2   | Noticed a greater mummy
 89321 | Tomb:1   | Killed a greater mummy
 89369 | Tomb:1   | Killed a greater mummy
 89569 | Tomb:2   | Killed a greater mummy
 89731 | Tomb:2   | Killed a greater mummy
 89955 | Tomb:2   | Paralysed by a Zot trap for 3 turns
 90021 | Tomb:1   | Noticed a greater mummy
 90030 | Tomb:1   | Killed a greater mummy
 90039 | Tomb:1   | Noticed a greater mummy
 90042 | Tomb:1   | Killed a greater mummy
 90070 | Tomb:1   | Noticed a greater mummy
 90076 | Tomb:1   | Noticed a greater mummy
 90077 | Tomb:1   | Killed a greater mummy
 90083 | Tomb:1   | Noticed a greater mummy
 90088 | Tomb:1   | Killed a greater mummy
 90419 | Tomb:1   | Noticed a greater mummy
 90426 | Tomb:1   | Killed a greater mummy
 90427 | Tomb:1   | Noticed a greater mummy
 90544 | Tomb:1   | Killed a greater mummy
 90547 | Tomb:1   | Killed a greater mummy
 90610 | Tomb:1   | Noticed a greater mummy
 90618 | Tomb:1   | Noticed a greater mummy
 90620 | Tomb:1   | Killed a greater mummy
 90626 | Tomb:1   | Killed a greater mummy
 90696 | Tomb:1   | Noticed a greater mummy
 90704 | Tomb:1   | Killed a greater mummy
 90711 | Tomb:1   | Noticed a greater mummy
 90716 | Tomb:1   | Noticed a greater mummy
 90719 | Tomb:1   | Killed a greater mummy
 90725 | Tomb:1   | Killed a greater mummy
 90768 | Tomb:1   | Noticed a greater mummy
 90774 | Tomb:1   | Killed a greater mummy
 90862 | Tomb:1   | Noticed a greater mummy
 90872 | Tomb:1   | Killed a greater mummy
 90958 | Tomb:1   | Noticed a greater mummy
 90958 | Tomb:1   | Noticed a greater mummy
 90965 | Tomb:1   | Killed a greater mummy
 90973 | Tomb:1   | Killed a greater mummy
 91014 | Tomb:1   | Noticed a greater mummy
 91022 | Tomb:1   | Killed a greater mummy
 91046 | Tomb:2   | Reached skill level 15 in Air Magic
 91058 | Tomb:2   | Was forgiven by Gozag
 91185 | Tomb:3   | Entered Level 3 of the Tomb of the Ancients
 91244 | Tomb:3   | Noticed Sojobo
 91337 | Tomb:3   | Noticed a greater mummy
 91338 | Tomb:3   | Noticed a greater mummy
 91340 | Tomb:2   | Killed Sojobo
 91394 | Tomb:3   | Noticed an ancient lich
 91396 | Tomb:3   | Noticed a greater mummy
 91449 | Tomb:3   | Noticed a greater mummy
 91449 | Tomb:3   | Noticed a greater mummy
 91515 | Tomb:3   | Noticed a greater mummy
 91521 | Tomb:2   | Killed a greater mummy
 91658 | Tomb:2   | Killed a greater mummy
 91661 | Tomb:2   | Killed an ancient lich
 91687 | Tomb:2   | Killed a greater mummy
 91706 | Tomb:2   | Killed a greater mummy
 91745 | Tomb:3   | Killed a greater mummy
 91748 | Tomb:3   | Noticed a greater mummy
 91753 | Tomb:3   | Killed a greater mummy
 91835 | Tomb:3   | Killed a greater mummy
 91904 | Tomb:3   | Noticed a greater mummy
 91921 | Tomb:3   | Killed a greater mummy
 92263 | Tomb:3   | Got a golden rune of Zot
 92410 | Tomb:3   | Got a translucent buckler
 92503 | Tomb:3   | Identified the cursed +0 buckler of the Lute {*Drain rElec Regen+ Dex+4} (You found it on level 3 of the Tomb of the Ancients)
 92526 | Tomb:3   | Learned a level 8 spell: Controlled Blink
 92996 | Tomb:1   | Killed a greater mummy
 93471 | Slime:1  | Entered Level 1 of the Pits of Slime
 93607 | Slime:1  | Gained mutation: You are frail. (-10% HP) [a shining eye]
 93609 | Slime:1  | Gained mutation: You tend to lose your temper in combat. [a shining eye]
 94028 | Slime:2  | Lost mutation: You tend to lose your temper in combat. [potion of cure mutation]
 94028 | Slime:2  | Lost mutation: You regenerate slowly when monsters are visible. [potion of cure mutation]
 94028 | Slime:2  | Lost mutation: You are frail. (-10% HP) [potion of cure mutation]
 94191 | Slime:3  | Gained mutation: You are robust. (+10% HP) [a shining eye]
 94192 | Slime:3  | Gained mutation: You are dopey. (Int -2) [a shining eye]
 94193 | Slime:3  | Gained mutation: Your magical capacity is low. (-10% MP) [a shining eye]
 94204 | Slime:3  | Gained mutation: You expend magic power (3 MP) to strengthen your wands. [a shining eye]
 94207 | Slime:3  | Gained mutation: Scrolls take you a little longer to read. [a shining eye]
 94211 | Slime:3  | Gained mutation: You are clumsy. (Dex -2) [a shining eye]
 94213 | Slime:3  | Lost mutation: You are dopey. (Int -2) [a shining eye]
 94555 | Slime:3  | Lost mutation: You are robust. (+10% HP) [a shining eye]
 94956 | Slime:5  | Entered Level 5 of the Pits of Slime
 95018 | Slime:5  | Noticed the Royal Jelly
 95029 | Slime:5  | Killed the Royal Jelly
 95128 | Slime:5  | Gained mutation: You are occasionally teleported next to monsters. [a shining eye]
 95186 | Slime:5  | Got a clouded pewter amulet
 95190 | Slime:5  | Got a slimy rune of Zot
 95213 | Slime:5  | Got a bound platinum amulet
 95219 | Slime:5  | Identified Sif Muna's Disquisition on Poisonous Transmutation
 95258 | Slime:5  | Got a heavily runed lead ring
 95349 | Slime:5  | Lost mutation: Scrolls take you a little longer to read. [potion of cure mutation]
 95349 | Slime:5  | Lost mutation: Your magical capacity is low. (-10% MP) [potion of cure mutation]
 95349 | Slime:5  | Lost mutation: You are occasionally teleported next to monsters. [potion of cure mutation]
 95349 | Slime:5  | Lost mutation: You expend magic power (3 MP) to strengthen your wands. [potion of cure mutation]
 95349 | Slime:5  | Lost mutation: You are clumsy. (Dex -2) [potion of cure mutation]
 95639 | Slime:4  | Gained mutation: Scrolls take you a little longer to read. [a shining eye]
 95917 | Lair:1   | Identified the amulet of Otwoixu {Spirit Stlth+} (You found it on level 5 of the Pits of Slime)
 95919 | Lair:1   | Identified the amulet of Rotyih {RegenMP rPois rF+ Stlth-} (You found it on level 5 of the Pits of Slime)
 95921 | Lair:1   | Identified the ring "Xapruahizo" {Int+4 Dex+2 SInv} (You found it on level 5 of the Pits of Slime)
 95959 | Lair:1   | Lost mutation: Scrolls take you a little longer to read. [potion of cure mutation]
 96349 | Vaults:5 | Entered Level 5 of the Vaults
 96533 | Vaults:5 | Noticed Mennas
 96574 | Vaults:5 | Killed Mennas
 96860 | Vaults:5 | Got a steaming brass amulet
 97309 | Vaults:5 | Got a silver rune of Zot
 98036 | Temple   | Fell from the grace of the Shining One
 98036 | Temple   | Became a worshipper of Makhleb the Destroyer
 98341 | Depths:3 | Identified the amulet of the Shining One's Envy {+Rage rElec rF++ SInv} (You took it off a vault warden on level 5 of the Vaults)
 98351 | Depths:3 | Voluntarily entered the Abyss.
 98358 | Abyss:1  | Found a corrupted altar of Lugonu.
 98402 | Abyss:1  | Found a corrupted altar of Lugonu.
 98409 | Abyss:1  | Gained mutation: Your spells are a little easier to cast, but a little less powerful. [a neqoxec]
 98561 | Abyss:1  | Reached * piety under Makhleb
 98588 | Abyss:1  | Paralysed by accursed screaming for 1 turns
 98803 | Abyss:1  | Found a corrupted altar of Lugonu.
 98869 | Abyss:1  | Reached ** piety under Makhleb
 98869 | Abyss:1  | Reached skill level 27 in Fighting
 99409 | Abyss:2  | Found a blossoming altar of Fedhas.
 99411 | Abyss:2  | Reached *** piety under Makhleb
 99690 | Abyss:2  | Reached **** piety under Makhleb
 99712 | Abyss:2  | Found a corrupted altar of Lugonu.
100178 | Abyss:4  | Found a corrupted altar of Lugonu.
100260 | Abyss:4  | Reached ***** piety under Makhleb
100264 | Abyss:5  | Entered Level 5 of the Abyss
100264 | Abyss:5  | Found a corrupted altar of Lugonu.
100317 | Abyss:5  | Found a corrupted altar of Lugonu.
100347 | Abyss:5  | Gained mutation: You are dopey. (Int -2) [a cacodemon]
100536 | Abyss:5  | Gained mutation: You expend magic power (3 MP) to strengthen your wands. [a neqoxec]
100556 | Abyss:5  | Found a corrupted altar of Lugonu.
100583 | Abyss:5  | Gained mutation: You are weak. (Str -2) [a neqoxec]
100621 | Abyss:5  | Reached ****** piety under Makhleb
100654 | Abyss:5  | Gained mutation: Your magical capacity is low. (-10% MP) [a neqoxec]
100741 | Depths:3 | Escaped the Abyss
100873 | Zot:5    | Entered Level 5 of the Realm of Zot
101163 | Zot:5    | Noticed an orb of fire
101166 | Zot:5    | Noticed an orb of fire
101166 | Zot:5    | Noticed an orb of fire
101166 | Zot:5    | Gained mutation: You occasionally shout uncontrollably at your foes. [an orb of fire]
101168 | Zot:5    | Killed an orb of fire
101169 | Zot:5    | Noticed an ancient lich
101171 | Zot:5    | Killed an orb of fire
101173 | Zot:5    | Killed an orb of fire
101176 | Zot:5    | Killed an ancient lich
101300 | Zot:5    | Noticed an orb of fire
101308 | Zot:5    | Killed an orb of fire
101340 | Zot:5    | Noticed an ancient lich
101343 | Zot:5    | Noticed an ancient lich
101345 | Zot:5    | Killed an ancient lich
101352 | Zot:5    | Killed an ancient lich
101387 | Zot:5    | Noticed an orb of fire
101398 | Zot:5    | Gained mutation: You are resistant to hostile enchantments. (MR+) [an orb of fire]
101403 | Zot:5    | Killed an orb of fire
101683 | Zot:5    | Noticed an ancient lich
101693 | Zot:5    | Killed an ancient lich
101878 | Depths:5 | Noticed Xtahua
101884 | Depths:5 | Killed Xtahua
102102 | Lair:1   | Lost mutation: You are dopey. (Int -2) [potion of cure mutation]
102102 | Lair:1   | Lost mutation: You are resistant to hostile enchantments. (MR+) [potion of cure mutation]
102102 | Lair:1   | Lost mutation: Your magical capacity is low. (-10% MP) [potion of cure mutation]
102102 | Lair:1   | Lost mutation: You are weak. (Str -2) [potion of cure mutation]
102102 | Lair:1   | Lost mutation: You occasionally shout uncontrollably at your foes. [potion of cure mutation]
102103 | Lair:1   | Lost mutation: Your spells are a little easier to cast, but a little less powerful. [potion of cure mutation]
102103 | Lair:1   | Lost mutation: You expend magic power (3 MP) to strengthen your wands. [potion of cure mutation]
102116 | Lair:1   | Learned a level 9 spell: Fire Storm
102120 | Lair:1   | Learned a level 3 spell: Regeneration
102132 | Lair:1   | Learned a level 8 spell: Discord
102144 | Lair:1   | Learned a level 9 spell: Dragon's Call
102466 | Zig:1    | Entered Level 1 of a ziggurat
102488 | Zig:1    | Gained mutation: You are weak. (Str -2) [mutagenic meat]
102489 | Zig:1    | Gained mutation: You are frail. (-10% HP) [mutagenic meat]
102490 | Zig:1    | Gained mutation: You are clumsy. (Dex -2) [mutagenic meat]
102491 | Zig:1    | Gained mutation: You are partially covered in icy blue scales. (AC +2) [mutagenic meat]
102522 | Zig:2    | Entered Level 2 of a ziggurat
102525 | Zig:2    | Gained mutation: You are very weak. (Str -4) [a neqoxec]
102545 | Zig:3    | Entered Level 3 of a ziggurat
102572 | Zig:4    | Entered Level 4 of a ziggurat
102627 | Zig:5    | Entered Level 5 of a ziggurat
102668 | Zig:6    | Entered Level 6 of a ziggurat
102713 | Zig:7    | Entered Level 7 of a ziggurat
102773 | Zig:7    | Lost mutation: You are frail. (-10% HP) [mutagenic meat]
102774 | Zig:7    | Gained mutation: You are resistant to electric shocks. (rElec) [mutagenic meat]
102775 | Zig:7    | Gained mutation: You are frail. (-10% HP) [mutagenic meat]
102785 | Zig:8    | Entered Level 8 of a ziggurat
102871 | Zig:9    | Entered Level 9 of a ziggurat
102967 | Zig:10   | Entered Level 10 of a ziggurat
103011 | Zig:10   | Identified the Grimoire of the Mutagenic Snowflakes
103058 | Zig:11   | Entered Level 11 of a ziggurat
103070 | Zig:11   | Noticed Naepeixt the pandemonium lord
103071 | Zig:11   | Noticed Egaodor the pandemonium lord
103073 | Zig:11   | Noticed Roudah the pandemonium lord
103080 | Zig:11   | Gained mutation: You regenerate slowly when monsters are visible. [a cacodemon]
103081 | Zig:11   | Killed Naepeixt the pandemonium lord
103089 | Zig:11   | Killed Egaodor the pandemonium lord
103091 | Zig:11   | Killed Roudah the pandemonium lord
103091 | Zig:11   | Reached skill level 10 in Dodging
103101 | Zig:11   | Upgraded the game from 0.20-a0-11-ga97c7b5 to 0.20-a0-15-g26ddc15
103114 | Zig:11   | Gained mutation: You are resistant to hostile enchantments. (MR+) [mutagenic meat]
103115 | Zig:11   | Gained mutation: You occasionally shout uncontrollably at your foes. [mutagenic meat]
103116 | Zig:11   | Lost mutation: You are frail. (-10% HP) [mutagenic meat]
103117 | Zig:11   | Gained mutation: You sometimes yell uncontrollably at your foes. [mutagenic meat]
103118 | Zig:11   | Gained mutation: One of your tentacles bears a spike. [mutagenic meat]
103119 | Zig:11   | Gained mutation: You are occasionally teleported next to monsters. [mutagenic meat]
103155 | Zig:12   | Entered Level 12 of a ziggurat
103170 | Zig:12   | Noticed an ancient lich
103171 | Zig:12   | Noticed an ancient lich
103177 | Zig:12   | Killed an ancient lich
103179 | Zig:12   | Killed an ancient lich
103365 | Zig:13   | Entered Level 13 of a ziggurat
103460 | Zig:14   | Entered Level 14 of a ziggurat
103474 | Zig:14   | Noticed a greater mummy
103475 | Zig:14   | Noticed a greater mummy
103480 | Zig:14   | Reached skill level 10 in Shields
103485 | Zig:14   | Killed a greater mummy
103487 | Zig:14   | Killed a greater mummy
103503 | Zig:14   | Got a sparkling ruby amulet
103506 | Zig:14   | Identified the Compendium of Toxins and Companions
103533 | Zig:15   | Entered Level 15 of a ziggurat
103608 | Zig:15   | Got a scintillating ivory ring
103696 | Zig:16   | Entered Level 16 of a ziggurat
103714 | Zig:16   | Reached skill level 27 in Air Magic
103783 | Zig:16   | Identified Hytwig's Compendium of Summoning and Bewitchment
103870 | Zig:17   | Entered Level 17 of a ziggurat
103892 | Zig:17   | Paralysed by accursed screaming for 2 turns
104002 | Zig:17   | Learned a level 9 spell: Shatter
104014 | Zig:17   | Identified Yfuhied's Volume of Boosting Venom
104088 | Zig:18   | Entered Level 18 of a ziggurat
104090 | Zig:18   | Noticed a juggernaut
104090 | Zig:18   | Noticed a juggernaut
104090 | Zig:18   | Noticed a juggernaut
104090 | Zig:18   | Noticed a juggernaut
104091 | Zig:18   | Noticed a juggernaut
104091 | Zig:18   | Noticed a juggernaut
104095 | Zig:18   | Killed a juggernaut
104100 | Zig:18   | Killed a juggernaut
104106 | Zig:18   | Killed a juggernaut
104108 | Zig:18   | Killed a juggernaut
104113 | Zig:18   | Killed a juggernaut
104116 | Zig:18   | Killed a juggernaut
104157 | Zig:18   | Was forgiven by the Shining One
104285 | Zig:19   | Entered Level 19 of a ziggurat
104300 | Zig:19   | Reached skill level 27 in Spellcasting
104538 | Zig:19   | Lost mutation: You are resistant to hostile enchantments. (MR+) [mutagenic meat]
104540 | Zig:19   | Gained mutation: You evolve. [mutagenic meat]
104541 | Zig:19   | Gained mutation: You can translocate small distances at will. [mutagenic meat]
104542 | Zig:19   | Lost mutation: You are clumsy. (Dex -2) [potion of cure mutation]
104542 | Zig:19   | Lost mutation: You are very weak. (Str -4) [potion of cure mutation]
104542 | Zig:19   | Lost mutation: You are weak. (Str -2) [potion of cure mutation]
104543 | Zig:19   | Lost mutation: One of your tentacles bears a spike. [potion of cure mutation]
104543 | Zig:19   | Lost mutation: You are partially covered in icy blue scales. (AC +2) [potion of cure mutation]
104543 | Zig:19   | Lost mutation: You evolve. [potion of cure mutation]
104543 | Zig:19   | Lost mutation: You regenerate slowly when monsters are visible. [potion of cure mutation]
104543 | Zig:19   | Lost mutation: You sometimes yell uncontrollably at your foes. [potion of cure mutation]
104543 | Zig:19   | Lost mutation: You are occasionally teleported next to monsters. [potion of cure mutation]
104596 | Zig:19   | Identified the amulet "Iplun" {Spirit rPois MR- Dex+5} (You found it on level 14 of a ziggurat)
104597 | Zig:19   | Identified the ring "Bagaq" {MR+ Int+2} (You found it on level 15 of a ziggurat)
104618 | Zig:19   | Reached skill level 5 in Conjurations
104619 | Zig:19   | Reached skill level 5 in Fire Magic
104626 | Zig:20   | Entered Level 20 of a ziggurat
104648 | Zig:20   | Noticed a juggernaut
104648 | Zig:20   | Noticed a juggernaut
104648 | Zig:20   | Noticed a juggernaut
104648 | Zig:20   | Noticed a juggernaut
104650 | Zig:20   | Noticed a juggernaut
104653 | Zig:20   | Killed a juggernaut
104656 | Zig:20   | Killed a juggernaut
104656 | Zig:20   | Reached skill level 15 in Shields
104658 | Zig:20   | Killed a juggernaut
104662 | Zig:20   | Killed a juggernaut
104666 | Zig:20   | Killed a juggernaut
104706 | Zig:20   | Got a wavering copper ring
104782 | Zig:21   | Entered Level 21 of a ziggurat
104833 | Zig:21   | Reached skill level 15 in Dodging
104882 | Zig:21   | Got a sparkling copper ring
105006 | Zig:22   | Entered Level 22 of a ziggurat
105024 | Zig:22   | Noticed a juggernaut
105024 | Zig:22   | Noticed a juggernaut
105024 | Zig:22   | Noticed a juggernaut
105025 | Zig:22   | Noticed a juggernaut
105025 | Zig:22   | Noticed a juggernaut
105025 | Zig:22   | Noticed a juggernaut
105025 | Zig:22   | Gained mutation: You tend to lose your temper in combat. [a neqoxec]
105026 | Zig:22   | Noticed a juggernaut
105035 | Zig:22   | Killed a juggernaut
105037 | Zig:22   | Killed a juggernaut
105039 | Zig:22   | Killed a juggernaut
105040 | Zig:22   | Killed a juggernaut
105041 | Zig:22   | Killed a juggernaut
105041 | Zig:22   | Killed a juggernaut
105041 | Zig:22   | Killed a juggernaut
105111 | Zig:22   | Got a translucent lapis lazuli ring
105230 | Zig:23   | Entered Level 23 of a ziggurat
105254 | Zig:23   | Gained mutation: Potions and wands are less effective at restoring your health. [a shining eye]
105261 | Zig:23   | Gained mutation: Your spells are a little easier to cast, but a little less powerful. [a shining eye]
105262 | Zig:23   | Gained mutation: You are weak. (Str -2) [a shining eye]
105263 | Zig:23   | Gained mutation: You are dopey. (Int -2) [a shining eye]
105277 | Zig:23   | Paralysed by a floating eye for 4 turns
105474 | Zig:23   | Got a pitted large shield
105476 | Zig:23   | Got a bloodstained shield
105477 | Zig:23   | Identified the +0 shield of the Equinox {Regen+ Dex+2} (You acquired it on level 23 of a ziggurat)
105478 | Zig:23   | Identified the +11 large shield "Ylog" {rElec rN+} (You acquired it on level 23 of a ziggurat)
105479 | Zig:23   | Identified the ring "Adecox" {rCorr rF+ rN+ Dex-3 Stlth+} (You found it on level 20 of a ziggurat)
105480 | Zig:23   | Identified the ring "Niheli" {+Inv rN+ Str+2 Stlth+} (You found it on level 21 of a ziggurat)
105482 | Zig:23   | Identified the ring "Loomas" {rF+ rC+ MR+++ Str-4 Int+4} (You found it on level 22 of a ziggurat)
105484 | Zig:23   | Lost mutation: Your spells are a little easier to cast, but a little less powerful. [potion of cure mutation]
105484 | Zig:23   | Lost mutation: You are weak. (Str -2) [potion of cure mutation]
105484 | Zig:23   | Lost mutation: You tend to lose your temper in combat. [potion of cure mutation]
105485 | Zig:23   | Lost mutation: You are dopey. (Int -2) [potion of cure mutation]
105485 | Zig:23   | Lost mutation: You can translocate small distances at will. [potion of cure mutation]
105485 | Zig:23   | Lost mutation: Potions and wands are less effective at restoring your health. [potion of cure mutation]
105485 | Zig:23   | Lost mutation: You occasionally shout uncontrollably at your foes. [potion of cure mutation]
105507 | Zig:24   | Entered Level 24 of a ziggurat
105564 | Zig:24   | Reached skill level 10 in Conjurations
105602 | Zig:24   | Got a brightly glowing jade ring
105603 | Zig:24   | Identified Qoephel's Catalogue of the Shifting Rocks
105608 | Zig:24   | Identified Puhusho's Disquisition on Cloudy Bewitchment
105718 | Zig:25   | Entered Level 25 of a ziggurat
105735 | Zig:25   | Noticed a juggernaut
105735 | Zig:25   | Noticed a juggernaut
105736 | Zig:25   | Noticed a juggernaut
105737 | Zig:25   | Noticed a juggernaut
105739 | Zig:25   | Noticed a juggernaut
105739 | Zig:25   | Noticed a juggernaut
105739 | Zig:25   | Noticed a juggernaut
105740 | Zig:25   | Noticed a juggernaut
105742 | Zig:25   | Noticed a juggernaut
105745 | Zig:25   | Killed a juggernaut
105745 | Zig:25   | Noticed a juggernaut
105747 | Zig:25   | Reached skill level 10 in Fire Magic
105753 | Zig:25   | Killed a juggernaut
105754 | Zig:25   | Killed a juggernaut
105754 | Zig:25   | Killed a juggernaut
105755 | Zig:25   | Killed a juggernaut
105756 | Zig:25   | Killed a juggernaut
105757 | Zig:25   | Killed a juggernaut
105761 | Zig:25   | Killed a juggernaut
105763 | Zig:25   | Killed a juggernaut
105766 | Zig:25   | Killed a juggernaut
105814 | Zig:25   | Got a translucent marble ring
105820 | Zig:25   | Got a crude sapphire amulet
105821 | Zig:25   | Identified the Disquisition on Aerial Battle Magic
105871 | Zig:26   | Entered Level 26 of a ziggurat
105918 | Zig:26   | Paralysed by accursed screaming for 2 turns
105924 | Zig:26   | Gained mutation: You are frail. (-10% HP) [a neqoxec]
105936 | Zig:26   | Paralysed by accursed screaming for 2 turns
105940 | Zig:26   | Paralysed by accursed screaming for 1 turns
105961 | Zig:26   | Gained mutation: Your mind is acute. (Int +2) [a shining eye]
106053 | Zig:26   | Identified the ring "Qanennuyv" {rN+ Str+8 Int-4} (You found it on level 24 of a ziggurat)
106054 | Zig:26   | Identified the ring "Gogov" {+Fly rElec Int+2} (You found it on level 25 of a ziggurat)
106055 | Zig:26   | Identified the amulet of the Two Names {Reflect Str+4 Slay+6 SH+3} (You found it on level 25 of a ziggurat)
106067 | Zig:27   | Entered Level 27 of a ziggurat
106147 | Zig:27   | Identified the Tome of the Escort and Flames
106160 | Zig:27   | Got a vibrating silver ring
106937 | Orc:2    | Bought a potion of mutation for 35 gold pieces
106937 | Orc:2    | Bought a potion of cure mutation for 350 gold pieces
107849 | D:9      | Bought a potion of cure mutation for 750 gold pieces
107888 | Lair:1   | Gained mutation: You expend magic power (3 MP) to strengthen your wands. [potion of mutation]
107888 | Lair:1   | Gained mutation: Your magical capacity is low. (-10% MP) [potion of mutation]
107888 | Lair:1   | Lost mutation: You are frail. (-10% HP) [potion of mutation]
107889 | Lair:1   | Gained mutation: You are robust. (+10% HP) [potion of mutation]
107890 | Lair:1   | Lost mutation: You expend magic power (3 MP) to strengthen your wands. [potion of mutation]
107891 | Lair:1   | Lost mutation: You are robust. (+10% HP) [potion of mutation]
107891 | Lair:1   | Gained mutation: You are agile. (Dex +2) [potion of mutation]
107892 | Lair:1   | Gained mutation: Your spells are a little harder to cast, but a little more powerful. [potion of mutation]
107892 | Lair:1   | Gained mutation: Your flesh is cold resistant. (rC+) [potion of mutation]
107893 | Lair:1   | Gained mutation: You have supernaturally acute eyesight. (SInv) [potion of mutation]
107894 | Lair:1   | Gained mutation: You are surrounded by a mild repulsion field. (EV +2) [potion of mutation]
107894 | Lair:1   | Gained mutation: You are partially covered in icy blue scales. (AC +2) [potion of mutation]
107894 | Lair:1   | Lost mutation: Your flesh is cold resistant. (rC+) [potion of mutation]
107895 | Lair:1   | Gained mutation: Your spells are harder to cast, but more powerful. [potion of beneficial mutation]
107896 | Lair:1   | Gained mutation: One of your tentacles bears a spike. [potion of beneficial mutation]
107897 | Lair:1   | Gained mutation: You are very agile. (Dex +4) [potion of beneficial mutation]
107898 | Lair:1   | Gained mutation: Your flesh is cold resistant. (rC+) [potion of beneficial mutation]
107899 | Lair:1   | Gained mutation: You passively map a small area around you. [potion of beneficial mutation]
107900 | Lair:1   | Gained mutation: Your muscles are strong. (Str +2) [potion of beneficial mutation]
107901 | Lair:1   | Gained mutation: One of your tentacles bears a nasty spike. [potion of beneficial mutation]
107928 | Lair:1   | Identified a ring "Piorieva" {*Tele rF+} (You found it on level 27 of a ziggurat)
108116 | Hell     | Entered the Vestibule of Hell
108116 | Hell     | Noticed Geryon
108136 | Hell     | Killed Geryon
108232 | Hell     | Found a gateway to the freezing wastes of Cocytus.
108306 | Hell     | Found a gateway to the Iron City of Dis.
108355 | Hell     | Found a gateway to the ashen valley of Gehenna.
108394 | Hell     | Found a gateway to the decaying netherworld of Tartarus.
108524 | Geh:1    | Entered Level 1 of Gehenna
108982 | Zig:1    | Entered Level 1 of a ziggurat
108998 | Zig:2    | Entered Level 2 of a ziggurat
109033 | Zig:3    | Entered Level 3 of a ziggurat
109053 | Zig:3    | Got a warped graven amulet
109064 | Zig:4    | Entered Level 4 of a ziggurat
109107 | Zig:5    | Entered Level 5 of a ziggurat
109136 | Zig:6    | Entered Level 6 of a ziggurat
109151 | Zig:6    | Got a flickering zirconium amulet
109155 | Zig:6    | Got a fine turquoise ring
109159 | Zig:7    | Entered Level 7 of a ziggurat
109184 | Zig:7    | Identified the Almanac of Ice and Augmentations
109241 | Zig:8    | Entered Level 8 of a ziggurat
109271 | Zig:8    | Got a slimy turquoise ring
109288 | Zig:9    | Entered Level 9 of a ziggurat
109322 | Zig:9    | Identified the Almanac of Freezing Venom
109348 | Zig:10   | Entered Level 10 of a ziggurat
109382 | Zig:10   | Identified the Disquisition on Dislocated Talismans
109390 | Zig:11   | Entered Level 11 of a ziggurat
109395 | Zig:11   | Noticed an ancient lich
109395 | Zig:11   | Noticed an ancient lich
109397 | Zig:11   | Noticed an ancient lich
109399 | Zig:11   | Noticed an ancient lich
109401 | Zig:11   | Killed an ancient lich
109403 | Zig:11   | Killed an ancient lich
109405 | Zig:11   | Killed an ancient lich
109407 | Zig:11   | Killed an ancient lich
109445 | Zig:11   | Identified the Tome of Spatial Weightlessness
109496 | Zig:12   | Entered Level 12 of a ziggurat
109540 | Zig:12   | Got a pitted marble ring
109575 | Zig:13   | Entered Level 13 of a ziggurat
109690 | Zig:14   | Entered Level 14 of a ziggurat
109703 | Zig:14   | Lost mutation: Your mind is acute. (Int +2) [a neqoxec]
109705 | Zig:14   | Gained mutation: You are frail. (-10% HP) [a neqoxec]
109707 | Zig:14   | Paralysed by accursed screaming for 1 turns
109712 | Zig:14   | Paralysed by accursed screaming for 2 turns
109742 | Zig:14   | Got a warped bone ring
109821 | Zig:15   | Entered Level 15 of a ziggurat
109860 | Zig:15   | Identified Jihi Ifeu's Collected Works on the Entourage and Darkness
109882 | Zig:15   | Identified the amulet "Achupn" {Gourm rElec rF+ MP-9 Int+6} (You found it on level 3 of a ziggurat)
109883 | Zig:15   | Identified the ring "Nick" {AC+2 Dex+3} (You found it on level 14 of a ziggurat)
109884 | Zig:15   | Identified the amulet of Weoxoyts {RegenMP MR+} (You found it on level 6 of a ziggurat)
109885 | Zig:15   | Identified the ring of Sumeveam {Wiz Str+3} (You found it on level 6 of a ziggurat)
109886 | Zig:15   | Identified the ring of the Endless Souls {MP+9 Str-2 Int+2 Dex+8} (You found it on level 8 of a ziggurat)
109887 | Zig:15   | Identified the ring of Free Will {Ice Int+4} (You found it on level 12 of a ziggurat)
109911 | Zig:15   | Learned a level 8 spell: Necromutation
109923 | Zig:16   | Entered Level 16 of a ziggurat
109938 | Zig:16   | Paralysed by a floating eye for 2 turns
109946 | Zig:16   | Lost mutation: You have supernaturally acute eyesight. (SInv) [a shining eye]
109954 | Zig:16   | Gained mutation: Your magical capacity is very low. (-20% MP) [a shining eye]
110058 | Zig:17   | Entered Level 17 of a ziggurat
110073 | Zig:17   | Noticed an ancient lich
110075 | Zig:17   | Noticed an ancient lich
110075 | Zig:17   | Noticed an ancient lich
110082 | Zig:17   | Killed an ancient lich
110083 | Zig:17   | Killed an ancient lich
110083 | Zig:17   | Killed an ancient lich
110135 | Zig:17   | Got a slimy platinum ring
110142 | Zig:18   | Entered Level 18 of a ziggurat
110155 | Zig:18   | Noticed Buqi the pandemonium lord
110167 | Zig:18   | Killed Buqi the pandemonium lord
110168 | Zig:18   | Gained mutation: You are very frail. (-20% HP) [a cacodemon]
110210 | Zig:18   | Got a sparkling ivory ring
110261 | Zig:19   | Entered Level 19 of a ziggurat
110420 | Zig:20   | Entered Level 20 of a ziggurat
110436 | Zig:20   | Noticed an ancient lich
110437 | Zig:20   | Noticed an ancient lich
110437 | Zig:20   | Noticed an ancient lich
110442 | Zig:20   | Reached skill level 27 in Shields
110444 | Zig:20   | Killed an ancient lich
110445 | Zig:20   | Killed an ancient lich
110469 | Zig:20   | Killed an ancient lich
110474 | Zig:20   | Got a pitted turquoise ring
110487 | Zig:20   | Identified the Compendium of Frigorific Air
110493 | Zig:20   | Noticed an ancient lich
110505 | Zig:20   | Killed an ancient lich
110564 | Zig:20   | Lost mutation: You are very frail. (-20% HP) [potion of cure mutation]
110564 | Zig:20   | Lost mutation: Your spells are harder to cast, but more powerful. [potion of cure mutation]
110564 | Zig:20   | Lost mutation: You are very agile. (Dex +4) [potion of cure mutation]
110564 | Zig:20   | Lost mutation: Your spells are a little harder to cast, but a little more powerful. [potion of cure mutation]
110565 | Zig:20   | Lost mutation: One of your tentacles bears a nasty spike. [potion of cure mutation]
110565 | Zig:20   | Lost mutation: You are agile. (Dex +2) [potion of cure mutation]
110565 | Zig:20   | Lost mutation: Your muscles are strong. (Str +2) [potion of cure mutation]
110565 | Zig:20   | Lost mutation: You are surrounded by a mild repulsion field. (EV +2) [potion of cure mutation]
110565 | Zig:20   | Lost mutation: Your magical capacity is very low. (-20% MP) [potion of cure mutation]
110565 | Zig:20   | Lost mutation: You are partially covered in icy blue scales. (AC +2) [potion of cure mutation]
110566 | Zig:20   | Lost mutation: One of your tentacles bears a spike. [potion of cure mutation]
110566 | Zig:20   | Lost mutation: You are frail. (-10% HP) [potion of cure mutation]
110566 | Zig:20   | Lost mutation: Your flesh is cold resistant. (rC+) [potion of cure mutation]
110568 | Zig:21   | Entered Level 21 of a ziggurat
110672 | Zig:21   | Got a sparkling silver ring
110695 | Zig:21   | Got a warped granite ring
110702 | Zig:21   | Identified the Almanac of Slavery and Evil Rites
110706 | Zig:21   | Got a clouded platinum ring
110750 | Zig:22   | Entered Level 22 of a ziggurat
110761 | Zig:22   | Noticed Heoceuwoj the pandemonium lord
110763 | Zig:22   | Noticed Taumece the pandemonium lord
110765 | Zig:22   | Noticed Zunong the pandemonium lord
110765 | Zig:22   | Noticed Qoxt the pandemonium lord
110766 | Zig:22   | Noticed Odat the pandemonium lord
110767 | Zig:22   | Noticed Hasar the pandemonium lord
110768 | Zig:22   | Noticed Magreodd the pandemonium lord
110768 | Zig:22   | Noticed Hourick the pandemonium lord
110769 | Zig:22   | Noticed Rupeomit the pandemonium lord
110770 | Zig:22   | Noticed Efiesm the pandemonium lord
110770 | Zig:22   | Noticed Huanoget the pandemonium lord
110770 | Zig:22   | Paralysed by you for 6 turns
110771 | Zig:22   | Noticed a juggernaut
110771 | Zig:22   | Noticed Ceithah the pandemonium lord
110771 | Zig:22   | Killed Odat the pandemonium lord
110772 | Zig:22   | Noticed Eguvupn the pandemonium lord
110773 | Zig:22   | Noticed Juloshruo the pandemonium lord
110774 | Zig:22   | Noticed Tame the pandemonium lord
110775 | Zig:22   | Noticed Idufen the pandemonium lord
110777 | Zig:22   | Noticed Tih Toyg the pandemonium lord
110782 | Zig:22   | Noticed Fokkufy the pandemonium lord
110783 | Zig:22   | Gained mutation: Scrolls take you a little longer to read. [a cacodemon]
110789 | Zig:22   | Killed Efiesm the pandemonium lord
110792 | Zig:22   | Killed Juloshruo the pandemonium lord
110807 | Zig:22   | Killed Hourick the pandemonium lord
110808 | Zig:22   | Killed Huanoget the pandemonium lord
110808 | Zig:22   | Killed Tame the pandemonium lord
110810 | Zig:22   | Killed Zunong the pandemonium lord
110811 | Zig:22   | Killed Qoxt the pandemonium lord
110812 | Zig:22   | Killed Tih Toyg the pandemonium lord
110812 | Zig:22   | Killed Taumece the pandemonium lord
110813 | Zig:22   | Killed Ceithah the pandemonium lord
110817 | Zig:22   | Killed Eguvupn the pandemonium lord
110822 | Zig:22   | Killed Hasar the pandemonium lord
110826 | Zig:22   | Killed Magreodd the pandemonium lord
110840 | Zig:22   | Killed Heoceuwoj the pandemonium lord
110848 | Zig:22   | Killed Rupeomit the pandemonium lord
110862 | Zig:22   | Killed Fokkufy the pandemonium lord
110864 | Zig:22   | Killed Idufen the pandemonium lord
110994 | Zig:22   | Got a pitted silver amulet
111002 | Zig:22   | Identified the ring "Tafofop" {AC+3 SInv} (You found it on level 21 of a ziggurat)
111004 | Zig:22   | Identified the ring "Jugh" {rC+ rN+ MR+ Slay+3} (You found it on level 20 of a ziggurat)
111006 | Zig:22   | Identified the ring "Xaebidel" {rF+ Dex+2} (You found it on level 18 of a ziggurat)
111008 | Zig:22   | Identified the ring "Rifagamo" {+Fly rC+ MR+} (You found it on level 17 of a ziggurat)
111010 | Zig:22   | Identified a ring of Uhuvigiu {*Tele rPois Str+2 Stlth+} (You found it on level 21 of a ziggurat)
111012 | Zig:22   | Identified the ring "Ciciugon" {Fire rPois Str+3} (You found it on level 21 of a ziggurat)
111014 | Zig:22   | Identified the amulet "Punwehim" {rPois Regen+ Int+4 Dex+4} (You found it on level 22 of a ziggurat)
111025 | Zig:22   | Got a sparkling pewter amulet
111030 | Zig:22   | Got a faintly glowing lead ring
111041 | Zig:22   | Got a bound amber ring
111132 | Zig:23   | Entered Level 23 of a ziggurat
111281 | Zig:23   | Identified the Incunabulum of Flight and Necromancy
111293 | Zig:23   | Reached skill level 27 in Dodging
111297 | Zig:24   | Entered Level 24 of a ziggurat
111388 | Zig:24   | Identified Ekor's Handbook of Congealing Toxins
111546 | Zig:24   | Identified the amulet of Damief {RegenMP Str-5 Int+2 Dex+2} (You found it on level 22 of a ziggurat)
111548 | Zig:24   | Identified the ring of Boxkiuck {rElec rPois rF+ EV+2 Slay+2} (You found it on level 22 of a ziggurat)
111550 | Zig:24   | Identified the ring "Cuj Dear" {rPois rN+++} (You found it on level 22 of a ziggurat)
111561 | Zig:25   | Entered Level 25 of a ziggurat
111671 | Zig:25   | Got a coiled brass ring
111747 | Zig:26   | Entered Level 26 of a ziggurat
111765 | Zig:26   | Noticed an ancient lich
111768 | Zig:26   | Noticed an ancient lich
111768 | Zig:26   | Noticed an ancient lich
111770 | Zig:26   | Noticed an ancient lich
111774 | Zig:26   | Killed an ancient lich
111775 | Zig:26   | Noticed an ancient lich
111776 | Zig:26   | Killed an ancient lich
111779 | Zig:26   | Killed an ancient lich
111781 | Zig:26   | Noticed an ancient lich
111781 | Zig:26   | Killed an ancient lich
111782 | Zig:26   | Noticed an ancient lich
111783 | Zig:26   | Noticed an ancient lich
111793 | Zig:26   | Noticed an ancient lich
111793 | Zig:26   | Killed an ancient lich
111794 | Zig:26   | Killed an ancient lich
111795 | Zig:26   | Killed an ancient lich
111796 | Zig:26   | Killed an ancient lich
111808 | Zig:26   | Killed an ancient lich
111912 | Zig:26   | Got a steaming golden ring
112132 | Zig:27   | Entered Level 27 of a ziggurat
112158 | Zig:27   | Reached skill level 27 in Transmutations
112171 | Zig:27   | Reached skill level 27 in Earth Magic
112171 | Zig:27   | Reached skill level 1 in Hexes
112175 | Zig:27   | Reached skill level 5 in Hexes
112187 | Zig:27   | Reached skill level 10 in Hexes
112219 | Zig:27   | Got an ancient turquoise ring
112221 | Zig:27   | Identified the Incunabulum of Mutagenic Fire
112231 | Zig:27   | Identified the Papyrus of the Supportive Compass
112267 | Zig:27   | Learned a level 3 spell: Ozocubu's Armour
112275 | Zig:27   | Got a pitted tin ring
112500 | Lair:1   | Learned a level 6 spell: Invisibility
112509 | Lair:1   | Identified the ring of Urrenog {rCorr MP+9 Int+8 Dex-4} (You found it on level 25 of a ziggurat)
112511 | Lair:1   | Identified the cursed ring "Goujoenu" {*Slow rPois rN+ Str-5} (You found it on level 27 of a ziggurat)
112513 | Lair:1   | Identified the ring of the Morning {rN+ MP+9} (You found it on level 27 of a ziggurat)
112515 | Lair:1   | Identified the ring of Buro {Ice +Inv rElec Int+2} (You found it on level 26 of a ziggurat)
112565 | Lair:1   | Lost mutation: Scrolls take you a little longer to read. [potion of cure mutation]
112566 | Lair:1   | Lost mutation: Your magical capacity is low. (-10% MP) [potion of cure mutation]
112566 | Lair:1   | Lost mutation: You are resistant to electric shocks. (rElec) [potion of cure mutation]
112566 | Lair:1   | Lost mutation: You passively map a small area around you. [potion of cure mutation]
115014 | Zig:1    | Entered Level 1 of a ziggurat
115042 | Zig:2    | Entered Level 2 of a ziggurat
115059 | Zig:2    | Identified the Volume of Ghastly Poisoning
115071 | Zig:3    | Entered Level 3 of a ziggurat
115074 | Zig:3    | Noticed Zuniperu the pandemonium lord
115080 | Zig:3    | Reached skill level 5 in Evocations
115085 | Zig:3    | Killed Zuniperu the pandemonium lord
115104 | Zig:4    | Entered Level 4 of a ziggurat
115124 | Zig:4    | Identified the Disquisition on the Traveller and the Birds
115130 | Zig:5    | Entered Level 5 of a ziggurat
115170 | Zig:6    | Entered Level 6 of a ziggurat
115204 | Zig:6    | Identified Sif Muna's Catalogue of Creation and Cold
115232 | Zig:7    | Entered Level 7 of a ziggurat
115236 | Zig:7    | Noticed Wemaat the pandemonium lord
115245 | Zig:7    | Killed Wemaat the pandemonium lord
115259 | Zig:7    | Got a faintly glowing jade ring
115298 | Zig:8    | Entered Level 8 of a ziggurat
115309 | Zig:8    | Reached skill level 10 in Evocations
115382 | Zig:9    | Entered Level 9 of a ziggurat
115388 | Zig:9    | Noticed a juggernaut
115399 | Zig:9    | Killed a juggernaut
115406 | Zig:9    | Reached skill level 15 in Hexes
115442 | Zig:10   | Entered Level 10 of a ziggurat
115536 | Zig:10   | Identified the Catalogue of the Crushed Ghosts
115544 | Zig:10   | Got a pitted ivory ring
115548 | Zig:10   | Got a steaming iron amulet
115578 | Zig:11   | Entered Level 11 of a ziggurat
115592 | Zig:11   | Gained mutation: Scrolls take you a little longer to read. [a neqoxec]
115600 | Zig:11   | Paralysed by accursed screaming for 2 turns
115692 | Zig:12   | Entered Level 12 of a ziggurat
115743 | Zig:13   | Entered Level 13 of a ziggurat
115755 | Zig:13   | Reached skill level 15 in Evocations
115838 | Zig:14   | Entered Level 14 of a ziggurat
115843 | Zig:14   | Noticed a greater mummy
115844 | Zig:14   | Noticed a greater mummy
115845 | Zig:14   | Noticed a greater mummy
115847 | Zig:14   | Noticed a greater mummy
115849 | Zig:14   | Noticed a greater mummy
115856 | Zig:14   | Killed a greater mummy
115862 | Zig:14   | Killed a greater mummy
115866 | Zig:14   | Killed a greater mummy
115866 | Zig:14   | Gained mutation: Your magical capacity is low. (-10% MP) [a neqoxec]
115868 | Zig:14   | Killed a greater mummy
115871 | Zig:14   | Killed a greater mummy
115889 | Zig:14   | Identified the Compendium of Stones
115915 | Zig:15   | Entered Level 15 of a ziggurat
115970 | Zig:15   | Identified the Reference Book on Freezing Arcane Weapons
116066 | Zig:16   | Entered Level 16 of a ziggurat
116070 | Zig:16   | Noticed Odairoubb the pandemonium lord
116073 | Zig:16   | Noticed Etevizuhi the pandemonium lord
116073 | Zig:16   | Noticed Naahal the pandemonium lord
116073 | Zig:16   | Noticed Ogurionk the pandemonium lord
116074 | Zig:16   | Noticed Idazed the pandemonium lord
116077 | Zig:16   | Noticed Peuh the pandemonium lord
116077 | Zig:16   | Noticed Fyecziam the pandemonium lord
116079 | Zig:16   | Noticed Paquel the pandemonium lord
116081 | Zig:16   | Killed Ogurionk the pandemonium lord
116083 | Zig:16   | Noticed Eckyat Ilive the pandemonium lord
116084 | Zig:16   | Killed Idazed the pandemonium lord
116086 | Zig:16   | Killed Etevizuhi the pandemonium lord
116088 | Zig:16   | Noticed Xivval the pandemonium lord
116091 | Zig:16   | Killed Odairoubb the pandemonium lord
116091 | Zig:16   | Killed Paquel the pandemonium lord
116092 | Zig:16   | Killed Fyecziam the pandemonium lord
116093 | Zig:16   | Killed Peuh the pandemonium lord
116094 | Zig:16   | Killed Naahal the pandemonium lord
116104 | Zig:16   | Killed Eckyat Ilive the pandemonium lord
116108 | Zig:16   | Killed Xivval the pandemonium lord
116250 | Zig:16   | Identified the Disquisition on Icy Envenoming
116256 | Zig:16   | Got a wavering lapis lazuli ring
116260 | Zig:16   | Got a pitted bronze ring
116276 | Zig:17   | Entered Level 17 of a ziggurat
116401 | Zig:18   | Entered Level 18 of a ziggurat
116408 | Zig:18   | Noticed a juggernaut
116409 | Zig:18   | Noticed a juggernaut
116426 | Zig:18   | Killed a juggernaut
116427 | Zig:18   | Killed a juggernaut
116468 | Zig:18   | Got a heavily runed gossamer ring
116474 | Zig:18   | Got a sparkling tin ring
116475 | Zig:18   | Identified the Almanac of Dark Cold
116518 | Zig:19   | Entered Level 19 of a ziggurat
116651 | Zig:19   | Got a twisted hat
116671 | Zig:19   | Identified the +4 hat of Habasueg {-Cast +Fly rElec MP-9} (You found it on level 19 of a ziggurat)
116711 | Zig:20   | Entered Level 20 of a ziggurat
116793 | Zig:20   | Got an ancient ivory ring
116810 | Zig:20   | Got a scintillating ivory ring
116843 | Zig:21   | Entered Level 21 of a ziggurat
116894 | Zig:21   | Got a twitching ivory ring
116908 | Zig:21   | Got a steaming brass amulet
116910 | Zig:21   | Identified the Catalogue of Lucky Attacks
116961 | Zig:22   | Entered Level 22 of a ziggurat
116981 | Zig:22   | Paralysed by accursed screaming for 2 turns
116993 | Zig:22   | Gained mutation: You are weak. (Str -2) [a neqoxec]
117003 | Zig:22   | Paralysed by accursed screaming for 1 turns
117015 | Zig:22   | Paralysed by accursed screaming for 2 turns
117030 | Zig:22   | Paralysed by accursed screaming for 2 turns
117206 | Zig:22   | Identified the ring of the Saviour {-Tele rC++ SInv Stlth+} (You found it on level 7 of a ziggurat)
117208 | Zig:22   | Identified the ring of Kylaluu {*Corrode rF+ rC+ MR+ Int+2} (You found it on level 20 of a ziggurat)
117212 | Zig:22   | Identified the ring of Ojuof {rPois AC+3 Int+2 Stlth+} (You found it on level 20 of a ziggurat)
117214 | Zig:22   | Identified the ring "Poadiema" {rF- Int+5 SInv} (You found it on level 10 of a ziggurat)
117216 | Zig:22   | Identified the amulet "Vamibat" {Harm *Drain rF+} (You found it on level 10 of a ziggurat)
117218 | Zig:22   | Identified the ring "Kuagoum" {AC+6 Int+6 Dex+4} (You found it on level 21 of a ziggurat)
117220 | Zig:22   | Identified the amulet of Wingourgh {*Slow MR+ Regen+ Int+2} (You found it on level 21 of a ziggurat)
117222 | Zig:22   | Identified the ring "Goegy" {*Slow rPois rN+ AC+4} (You found it on level 16 of a ziggurat)
117224 | Zig:22   | Identified the ring of Mokod {MR+ AC+1 Str+4 Int-5} (You found it on level 16 of a ziggurat)
117226 | Zig:22   | Identified the ring of Pride {Wiz rC+ MR+} (You found it on level 18 of a ziggurat)
117228 | Zig:22   | Identified the ring of the City {rF+ rC+ Dex+5} (You found it on level 18 of a ziggurat)
117278 | Zig:22   | Got a coiled marble ring
117302 | Zig:23   | Entered Level 23 of a ziggurat
117455 | Zig:23   | Got a transparent golden ring
117459 | Zig:23   | Got a scintillating ivory ring
117500 | Zig:23   | Reached skill level 27 in Evocations
117501 | Zig:23   | Reached skill level 27 in Hexes
117502 | Zig:23   | Reached skill level 1 in Summonings
117502 | Zig:23   | Reached skill level 1 in Ice Magic
117502 | Zig:23   | Reached skill level 1 in Invocations
117504 | Zig:23   | Reached skill level 10 in Necromancy
117511 | Zig:24   | Entered Level 24 of a ziggurat
117518 | Zig:24   | Noticed Heycs the pandemonium lord
117520 | Zig:24   | Noticed Keshreni the pandemonium lord
117520 | Zig:24   | Noticed Okoc Rya the pandemonium lord
117520 | Zig:24   | Noticed Acynopt the pandemonium lord
117521 | Zig:24   | Noticed Ulumy the pandemonium lord
117521 | Zig:24   | Noticed Monacag the pandemonium lord
117521 | Zig:24   | Noticed Liacsan the pandemonium lord
117521 | Zig:24   | Noticed Sucub the pandemonium lord
117521 | Zig:24   | Noticed Tiwkasocs the pandemonium lord
117522 | Zig:24   | Noticed Emnipila the pandemonium lord
117522 | Zig:24   | Noticed Nos Budo the pandemonium lord
117522 | Zig:24   | Noticed Dypuogh the pandemonium lord
117522 | Zig:24   | Noticed Ramoic the pandemonium lord
117522 | Zig:24   | Noticed Zeb Hahu the pandemonium lord
117523 | Zig:24   | Noticed Xywaj the pandemonium lord
117525 | Zig:24   | Noticed Gof Yqyf the pandemonium lord
117525 | Zig:24   | Noticed Ricridwo the pandemonium lord
117526 | Zig:24   | Noticed Kasoodub the pandemonium lord
117526 | Zig:24   | Noticed Vuhi the pandemonium lord
117527 | Zig:24   | Noticed Ammyoho the pandemonium lord
117529 | Zig:24   | Noticed Ryhug the pandemonium lord
117529 | Zig:24   | Noticed Puqiagra the pandemonium lord
117529 | Zig:24   | Noticed Xinuexun the pandemonium lord
117529 | Zig:24   | Killed Ulumy the pandemonium lord
117529 | Zig:24   | Reached skill level 5 in Translocations
117530 | Zig:24   | Noticed Niacrie the pandemonium lord
117530 | Zig:24   | Reached skill level 10 in Stealth
117531 | Zig:24   | Reached skill level 5 in Invocations
117531 | Zig:24   | Killed Nos Budo the pandemonium lord
117532 | Zig:24   | Noticed Voiceofupi the pandemonium lord
117532 | Zig:24   | Noticed Yhigrupea the pandemonium lord
117532 | Zig:24   | Noticed Ipla the pandemonium lord
117533 | Zig:24   | Noticed Teqe the pandemonium lord
117533 | Zig:24   | Noticed Xon Ahus the pandemonium lord
117534 | Zig:24   | Killed Emnipila the pandemonium lord
117534 | Zig:24   | Reached skill level 10 in Charms
117535 | Zig:24   | Noticed Kiteah the pandemonium lord
117535 | Zig:24   | Noticed Ziumirr the pandemonium lord
117535 | Zig:24   | Killed Niacrie the pandemonium lord
117535 | Zig:24   | Killed Heycs the pandemonium lord
117535 | Zig:24   | Killed Dypuogh the pandemonium lord
117535 | Zig:24   | Killed Sucub the pandemonium lord
117536 | Zig:24   | Noticed Joceo the pandemonium lord
117536 | Zig:24   | Noticed Poybipluo the pandemonium lord
117536 | Zig:24   | Noticed Kaoseu the pandemonium lord
117536 | Zig:24   | Noticed Diull the pandemonium lord
117546 | Zig:24   | Paralysed by a floating eye for 2 turns
117548 | Zig:24   | Killed Xinuexun the pandemonium lord
117550 | Zig:24   | Killed Zeb Hahu the pandemonium lord
117550 | Zig:24   | Killed Ricridwo the pandemonium lord
117554 | Zig:24   | Killed Ammyoho the pandemonium lord
117556 | Zig:24   | Killed Puqiagra the pandemonium lord
117556 | Zig:24   | Killed Kasoodub the pandemonium lord
117556 | Zig:24   | Killed Monacag the pandemonium lord
117558 | Zig:24   | Killed Kaoseu the pandemonium lord
117558 | Zig:24   | Killed Kiteah the pandemonium lord
117559 | Zig:24   | Killed Xywaj the pandemonium lord
117559 | Zig:24   | Killed Tiwkasocs the pandemonium lord
117561 | Zig:24   | Killed Liacsan the pandemonium lord
117562 | Zig:24   | Killed Ramoic the pandemonium lord
117569 | Zig:24   | Killed Yhigrupea the pandemonium lord
117569 | Zig:24   | Reached skill level 15 in Stealth
117573 | Zig:24   | Killed Voiceofupi the pandemonium lord
117573 | Zig:24   | Killed Teqe the pandemonium lord
117574 | Zig:24   | Killed Ziumirr the pandemonium lord
117575 | Zig:24   | Killed Okoc Rya the pandemonium lord
117575 | Zig:24   | Killed Joceo the pandemonium lord
117576 | Zig:24   | Killed Vuhi the pandemonium lord
117576 | Zig:24   | Killed Keshreni the pandemonium lord
117576 | Zig:24   | Killed Acynopt the pandemonium lord
117576 | Zig:24   | Reached skill level 15 in Fire Magic
117578 | Zig:24   | Killed Diull the pandemonium lord
117579 | Zig:24   | Killed Ipla the pandemonium lord
117581 | Zig:24   | Killed Gof Yqyf the pandemonium lord
117584 | Zig:24   | Killed Xon Ahus the pandemonium lord
117585 | Zig:24   | Killed Poybipluo the pandemonium lord
117599 | Zig:24   | Killed Ryhug the pandemonium lord
117720 | Zig:24   | Identified Xoju's Catalogue of Enhancements
117765 | Zig:25   | Entered Level 25 of a ziggurat
117797 | Zig:25   | Reached skill level 10 in Invocations
117800 | Zig:25   | Reached skill level 10 in Translocations
117915 | Zig:25   | Got a crude golden ring
117923 | Zig:25   | Identified the Catalogue of Sinister Magic
118026 | Zig:26   | Entered Level 26 of a ziggurat
118033 | Zig:26   | Noticed Deemzul's ghost (legendary GrMo)
118042 | Zig:26   | Killed Deemzul's ghost
118114 | Zig:26   | Identified the Compendium of Shape Shifting and Augmentations
118116 | Zig:26   | Identified the Compendium of Cloudy Protection
118122 | Zig:26   | Identified Juikhotuv's Disquisition on Gliding Snow
118132 | Zig:26   | Identified the Reference Book on the Spatial Oath
118203 | Zig:27   | Entered Level 27 of a ziggurat
118218 | Zig:27   | Reached skill level 15 in Conjurations
118313 | Zig:27   | Identified the Handbook of Evil Rites and the Glacier
118328 | Zig:27   | Identified the Reference Book on Excruciating Transformation
118392 | Zig:27   | Got a bound brass ring
118486 | Hell     | Lost mutation: Your magical capacity is low. (-10% MP) [potion of cure mutation]
118486 | Hell     | Lost mutation: You are weak. (Str -2) [potion of cure mutation]
118486 | Hell     | Lost mutation: Scrolls take you a little longer to read. [potion of cure mutation]
118489 | Hell     | Identified the ring of Ewuyfath {+Fly rN+ Dex-2 SInv} (You found it on level 22 of a ziggurat)
118490 | Hell     | Identified the ring of Quasux {rN+ MR+ Str+2 Dex+4 Slay+3} (You found it on level 25 of a ziggurat)
118491 | Hell     | Identified the ring of Makhleb's Vengeance {+Fly rN+ Stlth+} (You found it on level 27 of a ziggurat)
118492 | Hell     | Identified the ring "Zeonlieho" {Wiz +Inv} (You found it on level 23 of a ziggurat)
118493 | Hell     | Identified the ring of Zyonlobb {Str-2 Slay+4 Stlth+} (You found it on level 23 of a ziggurat)
118628 | Pan      | Entered Pandemonium
119054 | Pan      | Noticed Nipote the pandemonium lord
119061 | Pan      | Killed Nipote the pandemonium lord
119067 | Pan      | Found an exit through the horrors of the Abyss.
119296 | Pan      | Reached skill level 15 in Necromancy
119523 | Pan      | Found a runed door.
119530 | Pan      | Found a runed door.
119533 | Pan      | Found a runed door.
119535 | Pan      | Noticed Cell the pandemonium lord
119537 | Pan      | Killed Cell the pandemonium lord
119544 | Pan      | Found a runed door.
119619 | Pan      | Found an exit through the horrors of the Abyss.
119807 | Pan      | Gained mutation: You are occasionally teleported next to monsters. [a cacodemon]
120097 | Pan      | Reached skill level 15 in Charms
120110 | Pan      | Noticed Doah the pandemonium lord
120119 | Pan      | Killed Doah the pandemonium lord
120249 | Pan      | Found an exit through the horrors of the Abyss.
120863 | Pan      | Found an exit through the horrors of the Abyss.
121014 | Pan      | Noticed Xogotif the pandemonium lord
121021 | Pan      | Killed Xogotif the pandemonium lord
121541 | Pan      | Noticed Zucsown the pandemonium lord
121598 | Pan      | Found an exit through the horrors of the Abyss.
121618 | Pan      | Gained mutation: You are frail. (-10% HP) [a cacodemon]
121622 | Pan      | Gained mutation: Your magical capacity is low. (-10% MP) [a cacodemon]
121831 | Pan      | Lost mutation: You are frail. (-10% HP) [potion of cure mutation]
121831 | Pan      | Lost mutation: Your magical capacity is low. (-10% MP) [potion of cure mutation]
121831 | Pan      | Lost mutation: You are occasionally teleported next to monsters. [potion of cure mutation]
121925 | Pan      | Got a demonic rune of Zot
122049 | Pan      | Gained mutation: Your spells are a little easier to cast, but a little less powerful. [a neqoxec]
122227 | Pan      | Noticed Pokil the pandemonium lord
122233 | Pan      | Gained mutation: You regenerate slowly when monsters are visible. [a cacodemon]
122243 | Pan      | Killed Pokil the pandemonium lord
122243 | Pan      | Gained mutation: Scrolls take you a little longer to read. [a cacodemon]
122262 | Pan      | Found an exit through the horrors of the Abyss.
122289 | Pan      | Entered the realm of Mnoleg.
122383 | Pan      | Gained mutation: You are frail. (-10% HP) [a neqoxec]
122396 | Pan      | Noticed Mnoleg
122416 | Pan      | Killed Mnoleg
122431 | Pan      | Gained mutation: Your body sometimes deteriorates upon taking damage. [a cacodemon]
122433 | Pan      | Gained mutation: You are dopey. (Int -2) [a cacodemon]
122551 | Pan      | Gained mutation: You are very dopey. (Int -4) [mutagenic meat]
122552 | Pan      | Gained mutation: You are clumsy. (Dex -2) [mutagenic meat]
122553 | Pan      | Lost mutation: Your body sometimes deteriorates upon taking damage. [mutagenic meat]
122555 | Pan      | Gained mutation: You are resistant to hostile enchantments. (MR+) [mutagenic meat]
122557 | Pan      | Lost mutation: Your spells are a little easier to cast, but a little less powerful. [mutagenic meat]
122558 | Pan      | Gained mutation: One of your tentacles bears a spike. [mutagenic meat]
122560 | Pan      | Lost mutation: You are very dopey. (Int -4) [mutagenic meat]
122562 | Pan      | Gained mutation: You are very dopey. (Int -4) [mutagenic meat]
122563 | Pan      | Gained mutation: You expend magic power (3 MP) to strengthen your wands. [mutagenic meat]
122565 | Pan      | Gained mutation: You occasionally shout uncontrollably at your foes. [mutagenic meat]
122566 | Pan      | Lost mutation: You are resistant to hostile enchantments. (MR+) [mutagenic meat]
122567 | Pan      | Gained mutation: Your muscles are strong. (Str +2) [mutagenic meat]
122568 | Pan      | Gained mutation: Your body sometimes deteriorates upon taking damage. [mutagenic meat]
122569 | Pan      | Gained mutation: Your spells are a little easier to cast, but a little less powerful. [mutagenic meat]
122570 | Pan      | Lost mutation: You are very dopey. (Int -4) [mutagenic meat]
122571 | Pan      | Lost mutation: You occasionally shout uncontrollably at your foes. [mutagenic meat]
122572 | Pan      | Lost mutation: One of your tentacles bears a spike. [mutagenic meat]
122573 | Pan      | Gained mutation: Your system is resistant to poisons. (rPois) [mutagenic meat]
122574 | Pan      | Gained mutation: You have an increased reservoir of magic. (+10% MP) [mutagenic meat]
122575 | Pan      | Gained mutation: Your spells are easier to cast, but less powerful. [mutagenic meat]
122576 | Pan      | Lost mutation: You are clumsy. (Dex -2) [mutagenic meat]
122577 | Pan      | Lost mutation: Your spells are easier to cast, but less powerful. [mutagenic meat]
122577 | Pan      | Lost mutation: Scrolls take you a little longer to read. [potion of cure mutation]
122577 | Pan      | Lost mutation: You are frail. (-10% HP) [potion of cure mutation]
122577 | Pan      | Lost mutation: Your system is resistant to poisons. (rPois) [potion of cure mutation]
122577 | Pan      | Lost mutation: Your muscles are strong. (Str +2) [potion of cure mutation]
122577 | Pan      | Lost mutation: You regenerate slowly when monsters are visible. [potion of cure mutation]
122578 | Pan      | Lost mutation: You are dopey. (Int -2) [potion of cure mutation]
122578 | Pan      | Lost mutation: Your body sometimes deteriorates upon taking damage. [potion of cure mutation]
122578 | Pan      | Lost mutation: You expend magic power (3 MP) to strengthen your wands. [potion of cure mutation]
122578 | Pan      | Lost mutation: Your spells are a little easier to cast, but a little less powerful. [potion of cure mutation]
122873 | Pan      | Gained mutation: You are weak. (Str -2) [a neqoxec]
122904 | Pan      | Gained mutation: You are resistant to hostile enchantments. (MR+) [a neqoxec]
122932 | Pan      | Got a glowing rune of Zot
123150 | Pan      | Noticed Duoralaf the pandemonium lord
123159 | Pan      | Killed Duoralaf the pandemonium lord
123159 | Pan      | Reached skill level 15 in Invocations
123476 | Pan      | Found an exit through the horrors of the Abyss.
123518 | Pan      | Noticed Cecaug the pandemonium lord
123534 | Pan      | Killed Cecaug the pandemonium lord
123534 | Pan      | Reached skill level 15 in Translocations
124030 | Pan      | Entered the realm of Gloorx Vloq.
124075 | Pan      | Found an exit through the horrors of the Abyss.
124367 | Pan      | Noticed Gloorx Vloq
124379 | Pan      | Killed Gloorx Vloq
124400 | Pan      | Got a dark rune of Zot
124537 | Pan      | Found an exit through the horrors of the Abyss.
124658 | Pan      | Found an exit through the horrors of the Abyss.
124835 | Pan      | Found a huge runed gate.
124857 | Pan      | Found an exit through the horrors of the Abyss.
125288 | Pan      | Noticed Iwuolaud the pandemonium lord
125305 | Pan      | Killed Iwuolaud the pandemonium lord
125587 | Pan      | Entered the realm of Lom Lobon.
125933 | Pan      | Noticed Lom Lobon
125974 | Pan      | Killed Lom Lobon
126027 | Pan      | Got a magical rune of Zot
126401 | Pan      | Found an exit through the horrors of the Abyss.
126613 | Pan      | Noticed Fofa the pandemonium lord
126616 | Pan      | Killed Fofa the pandemonium lord
126678 | Pan      | Noticed Cauchus the pandemonium lord
126691 | Pan      | Killed Cauchus the pandemonium lord
126724 | Pan      | Noticed Ciroxil the pandemonium lord
126731 | Pan      | Killed Ciroxil the pandemonium lord
127131 | Pan      | Noticed Heest the pandemonium lord
127139 | Pan      | Killed Heest the pandemonium lord
127176 | Pan      | Identified the Incunabulum of Flames and Combat Magic
127414 | Pan      | Noticed Dolefim the pandemonium lord
127420 | Pan      | Killed Dolefim the pandemonium lord
127520 | Pan      | Found an exit through the horrors of the Abyss.
127535 | Pan      | Lost mutation: You have an increased reservoir of magic. (+10% MP) [a cacodemon]
127538 | Pan      | Gained mutation: Your magical capacity is low. (-10% MP) [a cacodemon]
127601 | Pan      | Gained mutation: Your spells are a little easier to cast, but a little less powerful. [a cacodemon]
127606 | Pan      | Gained mutation: Potions and wands are less effective at restoring your health. [a cacodemon]
127707 | Pan      | Noticed Roicott the pandemonium lord
127714 | Pan      | Killed Roicott the pandemonium lord
127808 | Pan      | Entered the realm of Cerebov.
127848 | Pan      | Noticed Cerebov
127870 | Pan      | Killed Cerebov
127912 | Pan      | Got a fiery rune of Zot
128059 | Pan      | Got a translucent emerald amulet
128247 | Pan      | Found an exit through the horrors of the Abyss.
128573 | Pan      | Took an exit into the Abyss.
128573 | Abyss:1  | Escaped into the Abyss
128633 | Depths:1 | Escaped the Abyss
128752 | Hell     | Got a sparkling lapis lazuli ring
128753 | Hell     | Identified the ring of the Trout {rPois rF+ MR- Dex+6 Slay+2} (You acquired it in the Vestibule of Hell)
128754 | Hell     | Identified the amulet of Vaog {rElec rPois Regen+ Dex+7} (You took it off a red devil in Pandemonium)
128790 | Tar:1    | Entered Level 1 of Tartarus
129342 | Hell     | Lost mutation: Potions and wands are less effective at restoring your health. [potion of cure mutation]
129342 | Hell     | Lost mutation: You are weak. (Str -2) [potion of cure mutation]
129342 | Hell     | Lost mutation: Your spells are a little easier to cast, but a little less powerful. [potion of cure mutation]
129342 | Hell     | Lost mutation: Your magical capacity is low. (-10% MP) [potion of cure mutation]
129342 | Hell     | Lost mutation: You are resistant to hostile enchantments. (MR+) [potion of cure mutation]
129598 | Tar:7    | Entered Level 7 of Tartarus
130041 | Tar:7    | Noticed Ereshkigal
130071 | Tar:7    | Killed Ereshkigal
130085 | Tar:7    | Got a brightly glowing marble ring
130088 | Tar:7    | Got a bone rune of Zot
130526 | Coc:1    | Entered Level 1 of Cocytus
131374 | Coc:7    | Entered Level 7 of Cocytus
131836 | Coc:7    | Got a scorched wooden ring
132234 | Coc:7    | Noticed Antaeus
132254 | Coc:7    | Killed Antaeus
132281 | Coc:7    | Got an icy rune of Zot
132721 | Hell     | Learned a level 9 spell: Glaciate
132722 | Hell     | Identified the ring "Jeezxuok" {rPois rC+} (You found it on level 7 of Tartarus)
132723 | Hell     | Identified the ring of Twilight {Wiz Str+4 Int+6} (You found it on level 7 of Cocytus)
132834 | Dis:1    | Entered Level 1 of the Iron City of Dis
132939 | Dis:3    | You fall through a shaft for 3 floors!
132966 | Dis:7    | Entered Level 7 of the Iron City of Dis
133061 | Dis:7    | Reached skill level 27 in Stealth
133597 | Dis:7    | Identified the Catalogue of Displaced Conjuration
133616 | Dis:7    | Noticed the Serpent of Hell
133634 | Dis:7    | Killed the Serpent of Hell
133697 | Dis:7    | Noticed Dispater
133704 | Dis:7    | Reached skill level 5 in Ice Magic
133712 | Dis:7    | Killed Dispater
133765 | Dis:7    | Got an iron rune of Zot
133769 | Dis:7    | Got a scintillating emerald amulet
134556 | Geh:3    | You fall through a shaft for 3 floors!
134657 | Geh:7    | Entered Level 7 of Gehenna
134704 | Geh:7    | Gained mutation: Your body sometimes deteriorates upon taking damage. [the power of Zot]
135174 | Geh:7    | Identified the Volume of the Feathery Escort
135193 | Geh:7    | Lost mutation: Your body sometimes deteriorates upon taking damage. [potion of cure mutation]
135300 | Geh:7    | Noticed Asmodeus
135309 | Geh:7    | Killed Asmodeus
135323 | Geh:7    | Got an obsidian rune of Zot
135363 | Geh:7    | Got a scorched brass ring
135523 | Hell     | Identified the amulet of Amozinn {Spirit +Fly rF+} (You found it on level 7 of the Iron City of Dis)
135524 | Hell     | Identified the ring "Qotosem" {*Corrode +Fly rF- MR+++ Int+2 SInv} (You found it on level 7 of Gehenna)
135618 | Zig:1    | Entered Level 1 of a ziggurat
135644 | Zig:2    | Entered Level 2 of a ziggurat
135669 | Zig:3    | Entered Level 3 of a ziggurat
135715 | Zig:4    | Entered Level 4 of a ziggurat
135773 | Zig:5    | Entered Level 5 of a ziggurat
135778 | Zig:5    | Noticed an ancient lich
135795 | Zig:5    | Killed an ancient lich
135827 | Zig:6    | Entered Level 6 of a ziggurat
135884 | Zig:7    | Entered Level 7 of a ziggurat
135908 | Zig:7    | Got a shimmering marble ring
135933 | Zig:8    | Entered Level 8 of a ziggurat
135935 | Zig:8    | Noticed a greater mummy
135935 | Zig:8    | Noticed a greater mummy
135936 | Zig:8    | Noticed a greater mummy
135936 | Zig:8    | Noticed a greater mummy
135936 | Zig:8    | Noticed a greater mummy
135948 | Zig:8    | Killed a greater mummy
135950 | Zig:8    | Killed a greater mummy
135952 | Zig:8    | Noticed a greater mummy
135952 | Zig:8    | Killed a greater mummy
135955 | Zig:8    | Killed a greater mummy
135957 | Zig:8    | Killed a greater mummy
135969 | Zig:8    | Killed a greater mummy
136000 | Zig:9    | Entered Level 9 of a ziggurat
136052 | Zig:10   | Entered Level 10 of a ziggurat
136064 | Zig:10   | Reached skill level 10 in Ice Magic
136075 | Zig:10   | Got a warped large shield
136091 | Zig:10   | Got a smoking turquoise ring
136123 | Zig:11   | Entered Level 11 of a ziggurat
136148 | Zig:11   | Gained mutation: You tend to lose your temper in combat. [a shining eye]
136165 | Zig:11   | Identified the Reference Book on Flying Dark Secrets
136174 | Zig:11   | Got a vibrating brass ring
136177 | Zig:11   | Got a heavily runed iron ring
136181 | Zig:11   | Identified the Disquisition on Intoxication and Enchantment
136203 | Zig:11   | Lost mutation: You tend to lose your temper in combat. [potion of cure mutation]
136314 | Zig:12   | Entered Level 12 of a ziggurat
136323 | Zig:12   | Noticed an ancient lich
136326 | Zig:12   | Noticed an ancient lich
136326 | Zig:12   | Noticed an ancient lich
136329 | Zig:12   | Noticed an ancient lich
136332 | Zig:12   | Killed an ancient lich
136337 | Zig:12   | Killed an ancient lich
136341 | Zig:12   | Killed an ancient lich
136343 | Zig:12   | Killed an ancient lich
136355 | Zig:12   | Got a fine lead ring
136367 | Zig:12   | Identified the Volume of Sinister Magic and Execration
136400 | Zig:13   | Entered Level 13 of a ziggurat
136471 | Zig:14   | Entered Level 14 of a ziggurat
136534 | Zig:14   | Got a slimy shield
136552 | Zig:15   | Entered Level 15 of a ziggurat
136560 | Zig:15   | Noticed Ateustoe the pandemonium lord
136561 | Zig:15   | Noticed Omyehyg the pandemonium lord
136561 | Zig:15   | Noticed Xan Wil the pandemonium lord
136562 | Zig:15   | Noticed Yfeah the pandemonium lord
136562 | Zig:15   | Noticed Feinidgh the pandemonium lord
136562 | Zig:15   | Noticed Luycie Xias the pandemonium lord
136563 | Zig:15   | Noticed Eniru the pandemonium lord
136563 | Zig:15   | Noticed Wixoczipp the pandemonium lord
136563 | Zig:15   | Noticed Acueforch the pandemonium lord
136564 | Zig:15   | Noticed Wodoad the pandemonium lord
136564 | Zig:15   | Noticed Ipaw the pandemonium lord
136564 | Zig:15   | Noticed Tutokuf the pandemonium lord
136565 | Zig:15   | Noticed Tumu the pandemonium lord
136567 | Zig:15   | Killed Feinidgh the pandemonium lord
136568 | Zig:15   | Killed Luycie Xias the pandemonium lord
136568 | Zig:15   | Killed Omyehyg the pandemonium lord
136568 | Zig:15   | Killed Wixoczipp the pandemonium lord
136568 | Zig:15   | Killed Ateustoe the pandemonium lord
136569 | Zig:15   | Killed Tumu the pandemonium lord
136570 | Zig:15   | Killed Yfeah the pandemonium lord
136573 | Zig:15   | Killed Tutokuf the pandemonium lord
136577 | Zig:15   | Killed Xan Wil the pandemonium lord
136578 | Zig:15   | Killed Wodoad the pandemonium lord
136578 | Zig:15   | Killed Eniru the pandemonium lord
136578 | Zig:15   | Killed Acueforch the pandemonium lord
136581 | Zig:15   | Killed Ipaw the pandemonium lord
136623 | Zig:16   | Entered Level 16 of a ziggurat
136701 | Zig:16   | Gained mutation: Your spells are a little easier to cast, but a little less powerful. [a shining eye]
136701 | Zig:16   | Gained mutation: You regenerate slowly when monsters are visible. [a shining eye]
136705 | Zig:16   | Gained mutation: You are resistant to electric shocks. (rElec) [a shining eye]
136709 | Zig:16   | Gained mutation: You expend magic power (3 MP) to strengthen your wands. [a shining eye]
136799 | Zig:16   | Got a clouded amber ring
136808 | Zig:17   | Entered Level 17 of a ziggurat
136985 | Zig:17   | Got a coiled jade ring
137027 | Zig:18   | Entered Level 18 of a ziggurat
137035 | Zig:18   | Noticed an ancient lich
137035 | Zig:18   | Noticed an ancient lich
137038 | Zig:18   | Noticed an ancient lich
137043 | Zig:18   | Noticed an ancient lich
137044 | Zig:18   | Killed an ancient lich
137051 | Zig:18   | Killed an ancient lich
137051 | Zig:18   | Killed an ancient lich
137052 | Zig:18   | Noticed an ancient lich
137063 | Zig:18   | Killed an ancient lich
137063 | Zig:18   | Reached skill level 15 in Ice Magic
137065 | Zig:18   | Killed an ancient lich
137092 | Zig:18   | Got a twitching garnet amulet
137149 | Zig:19   | Entered Level 19 of a ziggurat
137251 | Zig:19   | Got a translucent copper ring
137330 | Zig:20   | Entered Level 20 of a ziggurat
137513 | Zig:20   | Got a translucent golden ring
137567 | Zig:21   | Entered Level 21 of a ziggurat
137666 | Zig:21   | Got a translucent iron ring
137677 | Zig:21   | Identified Panu's Incunabulum of Envenoming and Talismans
137718 | Zig:22   | Entered Level 22 of a ziggurat
137735 | Zig:22   | Gained mutation: You tend to lose your temper in combat. [a shining eye]
137740 | Zig:22   | Paralysed by a floating eye for 4 turns
137833 | Zig:22   | Got a vibrating garnet amulet
137836 | Zig:22   | Got a pitted tin ring
137883 | Zig:22   | Identified the +1 large shield of Dachi {Int+3} (You found it on level 10 of a ziggurat)
137884 | Zig:22   | Identified the cursed +0 shield "Cecho" {Dex+4} (You found it on level 14 of a ziggurat)
137885 | Zig:22   | Identified the ring of Tulaq {Wiz Int+3 SInv Stlth+} (You found it on level 7 of a ziggurat)
137886 | Zig:22   | Identified the ring of Hura {rPois Int+2 Stlth+} (You found it on level 10 of a ziggurat)
137887 | Zig:22   | Identified the ring "Uddick" {MR+ SInv} (You found it on level 11 of a ziggurat)
137888 | Zig:22   | Identified the ring "Tokaemek" {rPois rF+ rN+ Int+4 Slay-3} (You found it on level 11 of a ziggurat)
137889 | Zig:22   | Identified the amulet of Cuemuab {Reflect MR+ SH+3} (You found it on level 22 of a ziggurat)
137890 | Zig:22   | Identified the ring of Secrets {rElec rC- rN+++ Dex-3 Stlth-} (You found it on level 12 of a ziggurat)
137891 | Zig:22   | Identified the ring "Xibb" {rPois rC+ Int-5 SInv} (You found it on level 22 of a ziggurat)
137892 | Zig:22   | Identified the ring "Fetuof" {rPois Str+2 Dex+3 Stlth-} (You found it on level 16 of a ziggurat)
137893 | Zig:22   | Identified the ring "Zoinoos" {MP+9 Int+2} (You found it on level 17 of a ziggurat)
137894 | Zig:22   | Identified the amulet "Qid Holu" {rF+ rN+ Regen+ Str+3} (You found it on level 18 of a ziggurat)
137895 | Zig:22   | Identified the ring of Simpumot {rC+ Str+6 Dex-3 Stlth+} (You found it on level 19 of a ziggurat)
137896 | Zig:22   | Identified the ring "Xuth" {Wiz Int+2 SInv} (You found it on level 21 of a ziggurat)
137897 | Zig:22   | Identified the cursed ring "Ocrerel" {EV-2 Slay+3 Stlth+} (You found it on level 20 of a ziggurat)
137929 | Zig:22   | Got a fine granite ring
137930 | Zig:22   | Identified the ring "Fainwuta" {rC+ Dex+3} (You acquired it on level 22 of a ziggurat)
137939 | Zig:23   | Entered Level 23 of a ziggurat
137948 | Zig:23   | Noticed a juggernaut
137949 | Zig:23   | Noticed a juggernaut
137950 | Zig:23   | Noticed a juggernaut
137952 | Zig:23   | Noticed a juggernaut
137952 | Zig:23   | Noticed a juggernaut
137953 | Zig:23   | Killed a juggernaut
137954 | Zig:23   | Noticed a juggernaut
137955 | Zig:23   | Killed a juggernaut
137956 | Zig:23   | Noticed a juggernaut
137956 | Zig:23   | Killed a juggernaut
137959 | Zig:23   | Noticed a juggernaut
137963 | Zig:23   | Killed a juggernaut
137965 | Zig:23   | Killed a juggernaut
137966 | Zig:23   | Killed a juggernaut
137968 | Zig:23   | Killed a juggernaut
137973 | Zig:23   | Killed a juggernaut
137973 | Zig:23   | Reached skill level 27 in Fire Magic
138124 | Zig:23   | Got a crude brass ring
138158 | Zig:24   | Entered Level 24 of a ziggurat
138290 | Zig:24   | Reached skill level 27 in Invocations
138362 | Zig:25   | Entered Level 25 of a ziggurat
138369 | Zig:25   | Noticed an ancient lich
138370 | Zig:25   | Noticed an ancient lich
138370 | Zig:25   | Noticed an ancient lich
138375 | Zig:25   | Noticed an ancient lich
138377 | Zig:25   | Noticed an ancient lich
138380 | Zig:25   | Noticed an ancient lich
138382 | Zig:25   | Noticed an ancient lich
138383 | Zig:25   | Killed an ancient lich
138384 | Zig:25   | Noticed an ancient lich
138390 | Zig:25   | Killed an ancient lich
138390 | Zig:25   | Killed an ancient lich
138391 | Zig:25   | Killed an ancient lich
138391 | Zig:25   | Killed an ancient lich
138391 | Zig:25   | Killed an ancient lich
138392 | Zig:25   | Killed an ancient lich
138393 | Zig:25   | Noticed an ancient lich
138394 | Zig:25   | Noticed an ancient lich
138394 | Zig:25   | Noticed an ancient lich
138397 | Zig:25   | Killed an ancient lich
138397 | Zig:25   | Reached skill level 27 in Conjurations
138404 | Zig:25   | Killed an ancient lich
138407 | Zig:25   | Killed an ancient lich
138415 | Zig:25   | Killed an ancient lich
138422 | Zig:25   | Paralysed by a floating eye for 2 turns
138437 | Zig:25   | Lost mutation: Your spells are a little easier to cast, but a little less powerful. [potion of cure mutation]
138437 | Zig:25   | Lost mutation: You tend to lose your temper in combat. [potion of cure mutation]
138437 | Zig:25   | Lost mutation: You expend magic power (3 MP) to strengthen your wands. [potion of cure mutation]
138438 | Zig:25   | Lost mutation: You regenerate slowly when monsters are visible. [potion of cure mutation]
138594 | Zig:25   | Got a coiled iron ring
138625 | Zig:26   | Entered Level 26 of a ziggurat
138670 | Zig:26   | Reached skill level 27 in Necromancy
138683 | Zig:26   | Reached skill level 27 in Charms
138707 | Zig:26   | Reached skill level 27 in Translocations
138756 | Zig:26   | Got a transparent glass ring
138769 | Zig:26   | Identified the Collected Works on Hurtful Flight
138935 | Zig:27   | Entered Level 27 of a ziggurat
138938 | Zig:27   | Noticed Atenerus's ghost (legendary GrEE)
138949 | Zig:27   | Killed Atenerus's ghost
139038 | Zig:27   | Identified the Incunabulum of the Lonely Seas
139046 | Zig:27   | Identified Onecich's Reference Book on Earth and Transmutation
139048 | Zig:27   | Identified the Almanac of Curses and Good Luck
139059 | Zig:27   | Identified Lewoc's Easy Spellweaving
139061 | Zig:27   | Identified Sif Muna's Guide on Earth and Unholy Rituals
139114 | Zig:1    | Entered Level 1 of a ziggurat
139130 | Zig:2    | Entered Level 2 of a ziggurat
139173 | Zig:3    | Entered Level 3 of a ziggurat
139173 | Zig:3    | Noticed Hapuxizo the pandemonium lord
139175 | Zig:3    | Noticed Duriapapn the pandemonium lord
139183 | Zig:3    | Killed Hapuxizo the pandemonium lord
139183 | Zig:3    | Reached skill level 27 in Ice Magic
139183 | Zig:3    | Reached skill level 1 in Maces & Flails
139183 | Zig:3    | Reached skill level 1 in Polearms
139190 | Zig:3    | Killed Duriapapn the pandemonium lord
139198 | Zig:3    | Identified the Reference Book on Battle Magic
139237 | Zig:4    | Entered Level 4 of a ziggurat
139253 | Zig:4    | Reached skill level 5 in Staves
139253 | Zig:4    | Reached skill level 5 in Throwing
139288 | Zig:5    | Entered Level 5 of a ziggurat
139292 | Zig:5    | Noticed a greater mummy
139296 | Zig:5    | Noticed a greater mummy
139296 | Zig:5    | Noticed a greater mummy
139305 | Zig:5    | Killed a greater mummy
139309 | Zig:5    | Killed a greater mummy
139309 | Zig:5    | Reached skill level 5 in Polearms
139312 | Zig:5    | Killed a greater mummy
139312 | Zig:5    | Reached skill level 5 in Maces & Flails
139364 | Zig:6    | Entered Level 6 of a ziggurat
139390 | Zig:6    | Identified Fewyxes's Collected Works on Nocuous Companions
139396 | Zig:6    | Got a bound ruby amulet
139410 | Zig:7    | Entered Level 7 of a ziggurat
139413 | Zig:7    | Noticed an ancient lich
139414 | Zig:7    | Noticed an ancient lich
139415 | Zig:7    | Noticed an ancient lich
139416 | Zig:7    | Noticed an ancient lich
139421 | Zig:7    | Killed an ancient lich
139421 | Zig:7    | Reached skill level 10 in Throwing
139421 | Zig:7    | Killed an ancient lich
139421 | Zig:7    | Reached skill level 10 in Staves
139422 | Zig:7    | Killed an ancient lich
139422 | Zig:7    | Killed an ancient lich
139457 | Zig:8    | Entered Level 8 of a ziggurat
139502 | Zig:8    | Got a faintly glowing tin ring
139542 | Zig:8    | Identified the Almanac of Clay
139546 | Zig:9    | Entered Level 9 of a ziggurat
139553 | Zig:9    | Noticed a juggernaut
139554 | Zig:9    | Noticed a juggernaut
139558 | Zig:9    | Killed a juggernaut
139559 | Zig:9    | Killed a juggernaut
139632 | Zig:10   | Entered Level 10 of a ziggurat
139645 | Zig:10   | Reached skill level 10 in Maces & Flails
139645 | Zig:10   | Reached skill level 10 in Polearms
139663 | Zig:10   | Got a scorched pewter ring
139664 | Zig:10   | Identified the Handbook of Self-Improvement and Stones
139713 | Zig:11   | Entered Level 11 of a ziggurat
139724 | Zig:11   | Reached skill level 15 in Throwing
139817 | Zig:11   | Identified the Tome of Glamour and the Escort
139831 | Zig:12   | Entered Level 12 of a ziggurat
139839 | Zig:12   | Noticed an ancient lich
139840 | Zig:12   | Noticed an ancient lich
139843 | Zig:12   | Noticed an ancient lich
139846 | Zig:12   | Noticed an ancient lich
139847 | Zig:12   | Killed an ancient lich
139852 | Zig:12   | Killed an ancient lich
139853 | Zig:12   | Killed an ancient lich
139857 | Zig:12   | Killed an ancient lich
139877 | Zig:12   | Identified the Collected Works on Combat Magic
139901 | Zig:12   | Learned a level 5 spell: Aura of Abjuration
139903 | Zig:12   | Learned a level 1 spell: Sting
139944 | Zig:12   | Identified the ring of Daisies {rC+ Str+4} (You found it on level 25 of a ziggurat)
139945 | Zig:12   | Identified the ring "Peongorr" {-Tele *Contam +Fly rN+++ Int+2} (You found it on level 23 of a ziggurat)
139946 | Zig:12   | Identified the ring "Migarchyb" {*Slow +Fly rF+ Dex+2 SInv} (You found it on level 10 of a ziggurat)
139947 | Zig:12   | Identified the ring "Ashroq" {+Fly Int+3 Dex+5} (You found it on level 26 of a ziggurat)
139948 | Zig:12   | Identified the amulet of Attitude {rF+ Regen+} (You found it on level 6 of a ziggurat)
139949 | Zig:12   | Identified the cursed ring "Pusupta" {EV-3 Str+5 Int+4} (You found it on level 8 of a ziggurat)
139961 | Zig:13   | Entered Level 13 of a ziggurat
139970 | Zig:13   | Noticed a juggernaut
139971 | Zig:13   | Noticed a juggernaut
139973 | Zig:13   | Noticed a juggernaut
139977 | Zig:13   | Killed a juggernaut
139981 | Zig:13   | Killed a juggernaut
139981 | Zig:13   | Killed a juggernaut
139981 | Zig:13   | Reached skill level 5 in Poison Magic
140123 | Zig:14   | Entered Level 14 of a ziggurat
140132 | Zig:14   | Noticed a juggernaut
140132 | Zig:14   | Noticed a juggernaut
140135 | Zig:14   | Noticed a juggernaut
140138 | Zig:14   | Noticed a juggernaut
140138 | Zig:14   | Reached skill level 5 in Summonings
140139 | Zig:14   | Killed a juggernaut
140139 | Zig:14   | Killed a juggernaut
140140 | Zig:14   | Noticed a juggernaut
140140 | Zig:14   | Killed a juggernaut
140141 | Zig:14   | Killed a juggernaut
140147 | Zig:14   | Killed a juggernaut
140151 | Zig:14   | Reached skill level 15 in Maces & Flails
140194 | Zig:14   | Identified Xolouquo's Papyrus of Dusty Snow
140205 | Zig:14   | Got a pitted granite ring
140289 | Zig:15   | Entered Level 15 of a ziggurat
140299 | Zig:15   | Reached skill level 15 in Polearms
140303 | Zig:15   | Reached skill level 10 in Poison Magic
140473 | Zig:16   | Entered Level 16 of a ziggurat
140510 | Zig:16   | Reached skill level 10 in Summonings
140601 | Zig:16   | Identified the Papyrus of the Fiery Birds
140759 | Zig:17   | Entered Level 17 of a ziggurat
140848 | Zig:17   | Got a translucent silver amulet
140883 | Zig:17   | Got a flickering golden ring
140895 | Zig:17   | Got a transparent granite ring
140959 | Zig:18   | Entered Level 18 of a ziggurat
140967 | Zig:18   | Noticed an ancient lich
140971 | Zig:18   | Noticed an ancient lich
140971 | Zig:18   | Noticed an ancient lich
140971 | Zig:18   | Noticed an ancient lich
140971 | Zig:18   | Noticed an ancient lich
140971 | Zig:18   | Noticed an ancient lich
140974 | Zig:18   | Killed an ancient lich
140975 | Zig:18   | Noticed an ancient lich
140976 | Zig:18   | Killed an ancient lich
140976 | Zig:18   | Killed an ancient lich
140976 | Zig:18   | Killed an ancient lich
140977 | Zig:18   | Killed an ancient lich
140979 | Zig:18   | Killed an ancient lich
140994 | Zig:18   | Killed an ancient lich
140994 | Zig:18   | Reached skill level 15 in Poison Magic
141017 | Zig:18   | Got a scintillating turquoise ring
141023 | Zig:18   | Identified the Reference Book on Flight
141083 | Zig:19   | Entered Level 19 of a ziggurat
141185 | Zig:19   | Got a clouded bronze ring
141191 | Zig:19   | Identified Qeukli's Almanac of Execration
141233 | Zig:19   | Got a scorched bone amulet
141255 | Zig:19   | Identified the Almanac of Companions and Snow
141257 | Zig:19   | Identified the Volume of the Hurtful Traveller
141302 | Zig:19   | Identified the amulet "Daaroigrol" {Harm *Drain MR+} (You found it on level 19 of a ziggurat)
141303 | Zig:19   | Identified the ring "Vaquy" {+Inv rN+} (You found it on level 14 of a ziggurat)
141304 | Zig:19   | Identified the amulet of Ruckuuzy {Inacc rF+ rC- Int+2} (You found it on level 17 of a ziggurat)
141305 | Zig:19   | Identified the ring "Gurein" {*Slow rF+ Int+3 SInv} (You found it on level 17 of a ziggurat)
141306 | Zig:19   | Identified the ring of New Discoveries {rElec MR+ SInv} (You found it on level 17 of a ziggurat)
141307 | Zig:19   | Identified a ring "Walizotses" {*Tele rF+} (You found it on level 18 of a ziggurat)
141308 | Zig:19   | Identified the ring "Jommost" {rF+ MP+9 Dex+4} (You found it on level 19 of a ziggurat)
141322 | Zig:20   | Entered Level 20 of a ziggurat
141332 | Zig:20   | Noticed Gosajips the pandemonium lord
141335 | Zig:20   | Noticed Giec the pandemonium lord
141336 | Zig:20   | Noticed Arghus the pandemonium lord
141336 | Zig:20   | Noticed Ogeicaw the pandemonium lord
141337 | Zig:20   | Noticed Odenames the pandemonium lord
141337 | Zig:20   | Noticed Zudwaef the pandemonium lord
141337 | Zig:20   | Noticed Iteickent the pandemonium lord
141338 | Zig:20   | Noticed Bil Ydighu the pandemonium lord
141339 | Zig:20   | Noticed Pyevag the pandemonium lord
141339 | Zig:20   | Noticed Vasach the pandemonium lord
141340 | Zig:20   | Noticed Wuteedd the pandemonium lord
141340 | Zig:20   | Noticed Cairieq the pandemonium lord
141341 | Zig:20   | Noticed Wirel the pandemonium lord
141341 | Zig:20   | Noticed Joonug the pandemonium lord
141341 | Zig:20   | Noticed Qateu the pandemonium lord
141341 | Zig:20   | Reached skill level 1 in Axes
141344 | Zig:20   | Noticed Opnenepa the pandemonium lord
141344 | Zig:20   | Noticed Bisuaset the pandemonium lord
141345 | Zig:20   | Noticed Doisoha the pandemonium lord
141346 | Zig:20   | Noticed Poicook the pandemonium lord
141348 | Zig:20   | Killed Giec the pandemonium lord
141349 | Zig:20   | Killed Odenames the pandemonium lord
141349 | Zig:20   | Killed Arghus the pandemonium lord
141349 | Zig:20   | Killed Bil Ydighu the pandemonium lord
141349 | Zig:20   | Reached skill level 5 in Axes
141350 | Zig:20   | Noticed Xyosiny the pandemonium lord
141350 | Zig:20   | Noticed Qunetu the pandemonium lord
141350 | Zig:20   | Noticed Tezxaist the pandemonium lord
141350 | Zig:20   | Killed Vasach the pandemonium lord
141350 | Zig:20   | Killed Wirel the pandemonium lord
141350 | Zig:20   | Killed Ogeicaw the pandemonium lord
141351 | Zig:20   | Killed Qateu the pandemonium lord
141352 | Zig:20   | Killed Pyevag the pandemonium lord
141352 | Zig:20   | Killed Zudwaef the pandemonium lord
141353 | Zig:20   | Noticed Xugell the pandemonium lord
141353 | Zig:20   | Noticed Vel Iphuuruwn the pandemonium lord
141353 | Zig:20   | Noticed Mixeluts the pandemonium lord
141353 | Zig:20   | Noticed Muqaryq the pandemonium lord
141353 | Zig:20   | Noticed Affeqad the pandemonium lord
141353 | Zig:20   | Noticed Ducraont the pandemonium lord
141359 | Zig:20   | Noticed Segaull the pandemonium lord
141360 | Zig:20   | Killed Bisuaset the pandemonium lord
141361 | Zig:20   | Noticed Deyroasu the pandemonium lord
141361 | Zig:20   | Killed Xyosiny the pandemonium lord
141362 | Zig:20   | Killed Poicook the pandemonium lord
141362 | Zig:20   | Killed Cairieq the pandemonium lord
141363 | Zig:20   | Killed Joonug the pandemonium lord
141363 | Zig:20   | Killed Wuteedd the pandemonium lord
141363 | Zig:20   | Killed Iteickent the pandemonium lord
141363 | Zig:20   | Reached skill level 15 in Summonings
141363 | Zig:20   | Killed Vel Iphuuruwn the pandemonium lord
141367 | Zig:20   | Noticed Ecegirin the pandemonium lord
141367 | Zig:20   | Killed Qunetu the pandemonium lord
141367 | Zig:20   | Reached skill level 10 in Axes
141368 | Zig:20   | Killed Opnenepa the pandemonium lord
141375 | Zig:20   | Killed Segaull the pandemonium lord
141376 | Zig:20   | Noticed Biugon the pandemonium lord
141376 | Zig:20   | Killed Muqaryq the pandemonium lord
141376 | Zig:20   | Killed Doisoha the pandemonium lord
141377 | Zig:20   | Killed Mixeluts the pandemonium lord
141377 | Zig:20   | Killed Deyroasu the pandemonium lord
141378 | Zig:20   | Noticed Pynkileo the pandemonium lord
141379 | Zig:20   | Killed Xugell the pandemonium lord
141379 | Zig:20   | Killed Affeqad the pandemonium lord
141381 | Zig:20   | Killed Biugon the pandemonium lord
141382 | Zig:20   | Killed Ecegirin the pandemonium lord
141382 | Zig:20   | Killed Gosajips the pandemonium lord
141383 | Zig:20   | Noticed Gadasm the pandemonium lord
141383 | Zig:20   | Killed Ducraont the pandemonium lord
141384 | Zig:20   | Killed Pynkileo the pandemonium lord
141390 | Zig:20   | Noticed Mucid the pandemonium lord
141395 | Zig:20   | Noticed Udeesut the pandemonium lord
141398 | Zig:20   | Killed Tezxaist the pandemonium lord
141404 | Zig:20   | Killed Gadasm the pandemonium lord
141410 | Zig:20   | Killed Udeesut the pandemonium lord
141413 | Zig:20   | Killed Mucid the pandemonium lord
141427 | Zig:20   | Paralysed by a floating eye for 4 turns
141454 | Zig:20   | Identified Bycugra's Incunabulum of Warped Ice
141463 | Zig:20   | Identified the Compendium of the Creative Volcanoes
141477 | Zig:20   | Got a vibrating wooden ring
141574 | Zig:20   | Identified the ring of Nuun {Int+3 SInv} (You found it on level 20 of a ziggurat)
141583 | Zig:21   | Entered Level 21 of a ziggurat
141723 | Zig:21   | Got a scintillating bone ring
141724 | Zig:21   | Identified the Disquisition on Changing and Poisoning
141776 | Zig:22   | Entered Level 22 of a ziggurat
141793 | Zig:22   | Reached skill level 1 in Short Blades
141799 | Zig:22   | Reached skill level 5 in Short Blades
141825 | Zig:22   | Got a scorched lapis lazuli ring
141847 | Zig:22   | Got a wavering lapis lazuli ring
141854 | Zig:22   | Got a heavily runed marble ring
141962 | Zig:23   | Entered Level 23 of a ziggurat
142147 | Zig:23   | Got a faintly glowing ivory ring
142210 | Zig:24   | Entered Level 24 of a ziggurat
142242 | Zig:24   | Reached skill level 10 in Short Blades
142250 | Zig:24   | Paralysed by a floating eye for 4 turns
142319 | Zig:24   | Gained mutation: Scrolls take you a little longer to read. [a shining eye]
142356 | Zig:24   | Paralysed by a floating eye for 4 turns
142362 | Zig:24   | Gained mutation: You are weak. (Str -2) [a shining eye]
142365 | Zig:24   | Paralysed by a floating eye for 3 turns
142367 | Zig:24   | HP: 11/224 [azure jelly (4)]
142367 | Zig:24   | Slain by an azure jelly

Vault maps used:
D:1:      tarquinn_simple_flora_water_a
D:2:      chequers_temple_overflow_minitemple, uniq_robin
D:3:      first_bread, lemuel_flame_loot_1
D:4:      uniq_blork_the_orc
D:5:      cheibrodos_quashed, cheibriados_altar_1, nrook_mini_backslash
D:6:      ashenzari_altar_1, gup_sewer_entry_bubbles, serial_shops, shop
D:7:      overflow_temple_1_default, minivault_5, uniq_prince_ribbit1,
          uniq_menkaure
D:8:      uniq_psyche, uniq_grum
D:9:      kiku_gazebo_pond_becter, old_standard_altar, zin_purify, basic_altar,
          serial_shops, shop, nicolae_shop_waterfront, nicolae_shop_waterfront,
          kennysheep_little_box, hangedman_little_slice_of_home
D:10:     lair_0_dummy, uniq_sonja
D:12:     orc_0_dummy, bh_hangedman_babel_library
D:13:     david_vaults_5, kennysheep_opposing_triangles
D:14:     minmay_quarter_circles
D:15:     grunt_enter_depths_magical_seal, serial_shops, bzr_entry_safe
Temple:   eino_temple_water
Lair:1:   lab_entry_generic, lemuel_centaur_altar, lemuel_fruit_tree
Lair:3:   minmay_shoals_entry_hut, basic_altar
Lair:4:   spider_nest_entry_web_field, serial_bayou_shore_b
Lair:5:   dpeg_oklob_shooting_range, uniq_josephine
Lair:6:   hangedman_lair_caniforms_friends, guppyfry_lair_end_dragon,
          slime_dummy, infiniplex_staircase_pool_2, grunt_megastairs_1,
          serial_bayou_shore_a
Shoals:1: serial_shops, shop, nicolae_shoals_aquamancer_cove
Shoals:3: cheibrodos_shoals_roost
Shoals:4: shoals_end_simple, shoal_ilsuiw, nicolae_shoals_kraken_intersection,
          uniq_polyphemus
Spider:2: portal_ice_cave_entry_pillars_2, uniq_arachne
Spider:3: worms_lemuel
Spider:4: floodkiller_spider_rune_tomb
Slime:1:  cheibrodos_slime_lost_civilization_4
Orc:1:    nicolae_for_you_no_charge
Orc:2:    kennysheep_orc_mage_school, led_sif_book
Elf:1:    hangedman_elf_disciples
Elf:2:    portal_desolation_entry_twin_temple
Elf:3:    nooodl_elf_gasket, uniq_roxanne
Vaults:1: ontoclasm_vaults_hangar, vaults_mumra_hexcomb,
          nicolae_vaults_alarming, vaults_room_door_ring, v_pattern_2,
          hangedman_vaults_hat, ontoclasm_vaults_fault, v_misc_32,
          vaults_standard_mumra_enter_the_diamond,
          ontoclasm_vaults_loading_screen, v_misc_13, nicolae_vaults_murderbox,
          vaults_dpeg_cross, lightli_enter_wizlab_magi_temple, uniq_nikola
Vaults:2: hangedman_vaults_cutoff, nicolae_vaults_network_s,
          nicolae_vaults_diagonal_hallway_8, v_alt_pattern_6,
          dpeg_vaults_monster_row, hangedman_vaults_nails, v_misc_2,
          minmay_crypt_entry_simple_statues, ontoclasm_vaults_pinch,
          vaults_room_large_hall, vaults_dpeg_diagonal,
          ontoclasm_vaults_ligature
Vaults:3: v_pattern_1, vaults_room_semicircle, nicolae_vaults_mini_display_case,
          hangedman_vaults_stretched_pinwheel, vaults_room_stairs_pillars
Vaults:4: v_misc_1, nicolae_vaults_meeting, grunt_vaults_hallway_long,
          v_pattern_4, nicolae_vaults_big_ls, v_misc_1, v_misc_1, v_misc_1,
          nicolae_vaults_asterisk, v_misc_16, vaults_room_large_hall,
          grunt_vaults_diagonal, vaults_dpeg_ring, vaults_room_pool,
          ontoclasm_vaults_decontamination
Vaults:5: serial_shops, uniq_mennas
Crypt:1:  moated_statue, nicolae_crypt_ancient_font, uniq_mara, uniq_jory,
          uniq_khufu
Crypt:2:  minivault_23, grunt_megastairs_3, uniq_boris
Crypt:3:  due_elkab, uniq_boris
Tomb:3:   uniq_sojobo
Depths:1: nicolae_legendary_halls, enter_ziggurat_d, hell_entry,
          rand_demon_pan_entry_9, serial_shops, shop_fountains,
          minmay_misc_feat_columns, minmay_holes, roderic_malta_cross,
          serial_bayou_shore_b
Depths:2: minmay_two_paths, grunt_decor_one_mirror, hellmouth_3,
          minmay_statues_item, infiniplex_staircase_river
Depths:3: hangedman_elemental_death_ray, pf_hell_entry_tar_river, serial_shops,
          nicolae_shop_window_shopping, marbit_kobold_abyss_entry, pan_entry,
          minmay_shoptagon, grunt_megastairs_2
Depths:4: lemuel_river_lethe, hell_entry, abyss_entry, uniq_margery
Depths:5: grunt_zot_entry_funnels, hangedman_abyss_or_decor_stabs,
          lightli_too_deep, rand_demon_pan_entry_3, abyss_entry, serial_shops,
          shop, uniq_xtahua, uniq_enchantress
Dis:6:    nrook_loot_triangle
Dis:7:    iron_city_of_dis
Geh:1:    nicolae_geh_single_fiery_grave
Geh:7:    geh_grunt
Coc:7:    coc_grunt
Tar:2:    lemuel_nasty_fountain
Tar:4:    grunt_megastairs_4
Tar:7:    tar_minmay_river
Zot:1:    guppyfry_library_mini
Zot:2:    kennysheep_spiral_hall
Zot:4:    nicolae_zot_draconian_monastery
Zot:5:    st_stairs_1
Abyss:1:  evilmike_abyss_exit_13, evilmike_abyss_exit_1
Abyss:2:  evilmike_abyss_exit_kraken, evilmike_abyss_exit_2,
          evilmike_abyss_exit_smiterflies
Abyss:3:  evilmike_abyss_exit_vortex, minivault_13, evilmike_abyss_exit_10,
          evilmike_abyss_exit_mutagenic
Abyss:4:  hangedman_abyss_lost_library, nicolae_abyss_rune_left_handed,
          evilmike_abyss_exit_glass
Abyss:5:  hangedman_abyss_mock_shop
Pan:      evilmike_mini_pan_3x3, nicolae_pan_sigil_nadil, rand_demon_7,
          grunt_pan_pentagram, pan_blood_fountain, nicolae_pan_door_chamber,
          nicolae_pan_gloorx_vloqian_4, evilmike_mini_pan_thingy,
          nicolae_pan_sick_transit, nicolae_pan_mnolegish_4,
          nicolae_pan_double_arrow, evilmike_mini_pan_doors_b, mnoleg_grunt,
          regret_index_pan_draining_boxed, pan_blood_fountain_small,
          grunt_pan_frozen_over, evilmike_gloorx_vloq_box,
          pan_blood_fountain_small, special_room, nicolae_pan_strange_glyphs,
          nicolae_pan_glass_arcs, evilmike_mini_pan_doors_b,
          nicolae_pan_giant_door, nicolae_pan_strange_glyphs,
          evilmike_mini_pan_other_thingy, lom_lobon_spiral_st, rand_demon_8,
          grunt_pan_zigzag, reaverb_pan_chaos_star, nicolae_pan_sigil_itan,
          evilmike_mini_pan_branches, evilmike_mini_pan_thingy,
          pan_captured_pigsty, nicolae_pan_hourglass, pan_disco_hall,
          evilmike_mini_pan_T, nicolae_pan_hourglass,
          evilmike_mini_pan_possible_glass, pan_blood_fountain_small,
          lemuel_hellion_island, grunt_pan_sceptre, pan_blood_fountain_small,
          grunt_pan_in_and_out, evilmike_mini_pan_3x3, nicolae_pan_mnolegish_4,
          evilmike_mini_pan_pillars_b, pan_blood_fountain_small,
          reaverb_pan_squares, nicolae_pan_strange_glyphs, cerebov,
          reaverb_pan_figure_eight
Zig:6:    ziggurat_pillar_centre_oklobs
Zig:7:    ziggurat_pillar_centre_smoke
Zig:11:   ziggurat_pillar_centre_dead_trees
Zig:12:   ziggurat_pillar_centre_c
Zig:23:   ziggurat_pillar_centre_drop, ziggurat_pillar_centre_more_plants
Lab:      labyrinth_spiral, labyrinth_fake_exit, labyrinth_glass_1,
          nicolae_lab_checkerboard, labyrinth_skeletal_remains,
          nicolae_lab_dead_end
Bazaar:   bazaar_minmay_generic_island
Sewer:    sewer_minmay_treatment
IceCv:    ice_cave_caverns_01
WizLab:   wizlab_zonguldrok

Skill      XL: |  1  2  3  4  5  6  7  8  9 10 11 12 13 14 15 16 17 18 19 20 21 22 23 24 25 26 27 |
---------------+----------------------------------------------------------------------------------+-----
Unarmed Combat | 4 5 6 7 8 10 11 12 13 14 15 16 17 18 19 20 21 22 27 | 27.0
Fighting       | 4 5 6 7 8 9 10 11 12 14 15 16 17 19 27 | 27.0
Dodging        | 4 5 6 7 8 27 | 27.0
Shields        | 1 5 7 27 | 27.0
Spellcasting   | 2 5 6 7 8 10 12 14 16 17 18 27 | 27.0
Transmutations | 3 6 8 10 12 13 14 15 16 27 | 27.0
Earth Magic    | 2 6 8 9 11 12 13 14 15 27 | 27.0
Charms         | 5 8 27 | 27.0
Necromancy     | 5 8 9 27 | 27.0
Air Magic      | 27 | 27.0
Conjurations   | 27 | 27.0
Fire Magic     | 27 | 27.0
Translocations | 27 | 27.0
Hexes          | 27 | 27.0
Evocations     | 27 | 27.0
Stealth        | 27 | 27.0
Summonings     | 20 | 20.2
Ice Magic      | 27 | 27.0
Poison Magic   | 22 | 22.7
Invocations    | 27 | 27.0
Maces & Flails | 22 | 22.7
Polearms       | 23 | 23.0
Staves         | 13 | 13.0
Throwing       | 24 | 24.2
Axes           | 13 | 13.1
Short Blades   | 10 | 10.5

Action                   |  1- 3 |  4- 6 |  7- 9 | 10-12 | 13-15 | 16-18 | 19-21 | 22-24 | 25-27 || total
-------------------------+-------+-------+-------+-------+-------+-------+-------+-------+-------++-------
Melee: Unarmed           |    54 |   138 |   420 |   807 |  1745 |  1562 |  1336 |   983 | 12050 || 19095
       Constrict         |    21 |    32 |    82 |    83 |   208 |   270 |   184 |    88 |  1682 ||  2650
       Tentacles         |    11 |    26 |    66 |   173 |   376 |   277 |   239 |   203 |  2953 ||  4324
       Punch             |     1 |     8 |    19 |    77 |   208 |   173 |   193 |   159 |  2399 ||  3237
       Staff             |       |       |       |       |       |    11 |       |    16 |     1 ||    28
       Bite              |       |       |       |       |       |       |       |       |     3 ||     3
       Tailslap          |       |       |       |       |       |       |       |       |     2 ||     2
       Kick              |       |       |       |       |       |       |       |       |   192 ||   192
       Lance             |       |       |       |       |       |       |       |       |    59 ||    59
 Fire: Blowgun           |       |       |    10 |     9 |     1 |       |       |       |       ||    20
 Cast: Statue Form       |       |       |       |       |    10 |    57 |    65 |    38 |   544 ||   714
       Regeneration      |       |       |       |       |     4 |    10 |    11 |     4 |    70 ||    99
       Ice Form          |       |       |       |       |       |     1 |       |     1 |       ||     2
       Dragon Form       |       |       |       |       |       |       |       |       |     1 ||     1
       Tornado           |       |       |       |       |       |       |       |       |   285 ||   285
       Shatter           |       |       |       |       |       |       |       |       |    81 ||    81
       Deflect Missiles  |       |       |       |       |       |       |       |       |    27 ||    27
       Invisibility      |       |       |       |       |       |       |       |       |     7 ||     7
       Controlled Blink  |       |       |       |       |       |       |       |       |     6 ||     6
       Fire Storm        |       |       |       |       |       |       |       |       |     4 ||     4
       Glaciate          |       |       |       |       |       |       |       |       |     2 ||     2
       Ozocubu's Armour  |       |       |       |       |       |       |       |       |     1 ||     1
Invok: Call Merchant     |       |       |       |     1 |     4 |     2 |     2 |     1 |     7 ||    17
       Summon Divine War |       |       |       |       |       |       |       |       |     1 ||     1
Evoke: Wand              |       |       |       |    12 |    41 |     2 |     2 |    13 |    10 ||    80
       Sack of spiders   |       |       |       |       |       |       |       |     2 |       ||     2
       Disc of storms    |       |       |       |       |       |       |       |       |    41 ||    41
       Figurine of a zig |       |       |       |       |       |       |       |       |     4 ||     4
  Use: Scroll            |       |     4 |    18 |    11 |    16 |    14 |    15 |       |   155 ||   233
       Potion            |       |     1 |     3 |    10 |     4 |     3 |     4 |     4 |   126 ||   155
 Stab: Sleeping          |     5 |    11 |    19 |    21 |    21 |     9 |    14 |    10 |   113 ||   223
       Distracted        |       |       |     5 |     6 |    13 |    10 |    14 |     9 |   160 ||   217
       Petrified         |       |       |       |       |       |       |     7 |       |       ||     7
       Invisible         |       |       |       |       |       |       |       |       |    75 ||    75
       Confused          |       |       |       |       |       |       |       |       |     5 ||     5
       Held in net/web   |       |       |       |       |       |       |       |       |     1 ||     1
       Petrifying        |       |       |       |       |       |       |       |       |     1 ||     1
       Paralysed         |       |       |       |       |       |       |       |       |     1 ||     1
  Eat: Chunk             |     5 |     9 |     7 |       |       |       |       |       |   127 ||   148
       Bread ration      |       |       |     3 |     5 |     6 |     7 |     4 |       |    26 ||    51
       Beef jerky        |       |       |     1 |     1 |    11 |     2 |     2 |     3 |    21 ||    41
       Meat ration       |       |       |     1 |     1 |     2 |     2 |     3 |     4 |    26 ||    39
       Pizza             |       |       |       |     1 |     2 |     1 |       |       |     4 ||     8
       Fruit             |       |       |       |       |       |    16 |     3 |       |    25 ||    44
       Royal jelly       |       |       |       |       |       |       |       |       |    14 ||    14
Armor: Skin              |     3 |     4 |    17 |    25 |   143 |   533 |   389 |   327 |  3258 ||  4699
Dodge: Dodged            |    24 |    80 |   297 |   554 |  1303 |  2021 |  1445 |  1107 | 14192 || 21023
       Deflected         |       |       |       |       |       |       |       |       |   284 ||   284
Block: Buckler           |       |       |     2 |   154 |   410 |   629 |   414 |   335 |  2636 ||  4580
       Reflection        |       |       |       |       |       |       |       |       |   659 ||   659
       Large shield      |       |       |       |       |       |       |       |       | 12654 || 12654
